 Dungeon Crawl Stone Soup version 0.22-a0-891-g4570db1 (webtiles) character file.

1121759 Hedningen the Invulnerable (level 27, -16/285 HPs)
             Began as a Demonspawn Archaeologist on Aug 14, 2019.
             Was the Champion of Okawaru.
             Killed from afar by Antaeus (42 damage)
             ... with a bolt of lightning
             ... on level 7 of Cocytus on Aug 16, 2019.
             The game lasted 05:56:24 (81548 turns).

Hedningen the Invulnerable (DsAc)                  Turns: 81548, Time: 05:56:24

Health: -16/285    AC: 44    Str: 40    XL:     27
Magic:  0/25       EV: 15    Int: 11    God:    Okawaru [******]
Gold:   10021      SH:  0    Dex: 20    Spells: 40/60 levels left

rFire    + + +     SeeInvis +   e - +2 sword of Power {HP+40}
rCold    + + .     Gourm    .   (shield currently unavailable)
rNeg     + + .     Faith    .   l - +9 scales of the Dragon King {rPois rF+ rC+ MR+}
rPois    +         Spirit   +   j - +2 hat of the Bear Spirit {Spirit, +Rage rN+ MR++}
rElec    .         Reflect  .   S - +2 ratskin cloak {+Rats *RatsS rPois rC+ rN+ rCorr Str-1 Dex+3}
rCorr    +         Harm     .   c - +0 pair of gloves of Tizyorul {*Slow rF+++ Str+10 Int-4}
MR       +++++                  K - amulet of Lunesoan {RegenMP rPois rF+ Str+4}
Stlth    ..........             w - ring of Kindness {+Fly rF- Str+4 Slay+5 SInv}
HPRegen  4.57/turn              W - ring "Qaxotum" {Ice MR+ Int+2 Dex+3}
MPRegen  0.44/turn

@: frozen, very slightly contaminated, regenerating, hasted, studying
Transmutations, repel missiles, very quick
A: fangs 1, talons 3, repulsion field 3, blurry vision 1, dopey 1, fire
resistance 1, powered by death 3, spiny 3, evolution 1, augmentation 3
}: 7/15 runes: barnacled, slimy, silver, golden, obsidian, abyssal, gossamer
a: Release Permanent Buffs, Heroism, Finesse, Renounce Religion, Evoke Ratskin,
Evoke Berserk Rage, Evoke Flight


You were on level 7 of Cocytus.
You worshipped Okawaru.
Okawaru was exalted by your worship.
You were not hungry.

You visited 16 branches of the dungeon, and saw 76 of its levels.
You visited the Abyss 2 times.
You visited 1 ziggurat, and saw 14 of its levels.
You also visited: Labyrinth, Ossuary and Ice Cave.

You collected 13051 gold pieces.
You spent 3030 gold pieces at shops.

Inventory:

Hand Weapons
 d - the +6 triple sword of Gallantry {flame, rElec Int+3 Dex+4}
   (Okawaru gifted it to you on level 6 of Cocytus)

   It has been specially enchanted to burn those struck by it, causing extra
   injury to most foes and up to half again as much damage against particularly
   susceptible opponents.
   Big, fiery blades are also staple armaments of hydra-hunters.
   It affects your intelligence (+3).
   It affects your dexterity (+4).
   It insulates you from electricity.
 e - the +2 sword of Power (weapon) {HP+40}

   It affects your health (+40).
 M - a +9 demon blade of electrocution
Armour
 c - the +0 pair of gloves of Tizyorul (worn) {*Slow rF+++ Str+10 Int-4}
   (Okawaru gifted it to you in the Vestibule of Hell)

   It affects your strength (+10).
   It affects your intelligence (-4).
   It renders you almost immune to fire.
   It may slow you when you take damage.
 f - the +0 helmet of Honour {rC+ Str+4 Slay+6}
   (You found it on level 9 of a ziggurat)

   It affects your strength (+4).
   It affects your accuracy and damage with ranged weapons and melee attacks
   (+6).
   It protects you from cold.
 j - the +2 hat of the Bear Spirit (worn) {Spirit, +Rage rN+ MR++}
   (You found it on level 2 of the Vaults)

   It protects you from negative energy.
   It affects your resistance to hostile enchantments.
   It lets you go berserk.
 l - the +9 scales of the Dragon King (worn) {rPois rF+ rC+ MR+}
   (You found it on level 10 of a ziggurat)

   It protects you from fire.
   It protects you from cold.
   It protects you from poison.
   It affects your resistance to hostile enchantments.
 S - the +2 ratskin cloak (worn) {+Rats *RatsS rPois rC+ rN+ rCorr Str-1 Dex+3}
   (You found it on level 4 of the Shoals)

   It affects your strength (-1).
   It affects your dexterity (+3).
   It protects you from cold.
   It protects you from poison.
   It protects you from negative energy.
   It protects you from acid and corrosion.
 Y - a +14 crystal plate armour
Jewellery
 n - the ring of Seoh {+Blink rN+ MR+}
   (You found it on level 11 of a ziggurat)

   [ring of protection from magic]

   It protects you from negative energy.
   It affects your resistance to hostile enchantments.
   It lets you blink.
 u - a +3 ring of slaying
 w - the ring of Kindness (left hand) {+Fly rF- Str+4 Slay+5 SInv}
   (You found it on level 4 of the Shoals)

   [ring of see invisible]

   It affects your strength (+4).
   It affects your accuracy and damage with ranged weapons and melee attacks
   (+5).
   It makes you vulnerable to fire.
   It lets you see invisible.
   It lets you fly.
 E - the ring "Laqebb" {Fire rElec Str+3 Int+6 Dex-5}
   (You took it off a deep elf annihilator on level 3 of the Elven Halls)

   [ring of fire]

   It enhances your fire magic.
   It affects your strength (+3).
   It affects your intelligence (+6).
   It affects your dexterity (-5).
   It protects you from fire.
   It makes you vulnerable to cold.
   It insulates you from electricity.
 K - the amulet of Lunesoan (around neck) {RegenMP rPois rF+ Str+4}
   (You found it on level 12 of a ziggurat)

   [amulet of magic regeneration]

   It increases your magic regeneration.
   It affects your strength (+4).
   It protects you from fire.
   It protects you from poison.
 W - the ring "Qaxotum" (right hand) {Ice MR+ Int+2 Dex+3}
   (You found it on level 3 of the Vaults)

   [ring of ice]

   It enhances your ice magic.
   It affects your intelligence (+2).
   It affects your dexterity (+3).
   It makes you vulnerable to fire.
   It protects you from cold.
   It affects your resistance to hostile enchantments.
Wands
 b - a wand of hasting (10)
 o - a wand of acid (45)
 s - a wand of scattershot (9)
 C - a wand of disintegration (47)
 F - a wand of clouds (23)
 J - a wand of digging (60)
 L - a wand of iceblast (29)
 T - a wand of paralysis (24)
Scrolls
 a - 2 scrolls of silence
 h - 39 scrolls of remove curse
 k - 6 scrolls of magic mapping
 p - a scroll of enchant weapon
 q - 25 scrolls of teleportation
 t - 2 scrolls of summoning
 y - a scroll of identify
 z - a scroll of blinking
 I - 7 scrolls of fear
 Z - 10 scrolls of fog
Potions
 i - 5 potions of berserk rage
 m - 13 potions of curing
 r - 4 potions of haste
 v - 3 potions of resistance
 B - 8 potions of agility
 G - 3 potions of cancellation
 H - 4 potions of might
 O - 3 potions of ambrosia
Books
 V - a manual of Transmutations
Miscellaneous
 x - the horn of Geryon
 X - a figurine of a ziggurat
Comestibles
 g - 65 rations


   Skills:
 - Level 26.0 Fighting
 O Level 27 Long Blades
 O Level 27 Armour
 - Level 2.6 Dodging
 - Level 0.8 Stealth
 - Level 17.0 Spellcasting
 - Level 18.6 Conjurations
 + Level 21.1 Charms
 - Level 17.0 Necromancy
 - Level 22.3 Fire Magic
 - Level 16.0 Invocations
 - Level 15.6 Evocations


You had 40 spell levels left.
You knew the following spells:

 Your Spells              Type           Power        Failure   Level  Hunger
a - Blade of Disaster     Conj/Chrm      ######....   1%          5    #####..
b - Bolt of Draining      Conj/Necr      #####.....   1%          5    #####..
c - Ring of Flames        Chrm/Fire      ######....   2%          7    #######
d - Regeneration          Chrm/Necr      ######....   1%          3    None

Your spell library contained the following spells:

 Spells                   Type           Power        Failure   Level  Hunger
 Cause Fear               Hex            #.........   91%         4    ###....
 Magic Dart               Conj           ####         0%          1    None
 Fireball                 Conj/Fire      ######....   1%          5    #####..
 Apportation              Tloc           #.....       22%         1    None
 Conjure Flame            Conj/Fire      ######..     0%          3    None
 Bolt of Fire             Conj/Fire      ######....   1%          6    ######.
 Bolt of Cold             Conj/Ice       #####.....   58%         6    ######.
 Bolt of Magma            Conj/Fire/Erth ######....   2%          5    #####..
 Slow                     Hex            #.......     32%         2    None
 Haste                    Chrm           ######..     98%         9    #######
 Confuse                  Hex            #.......     54%         3    None
 Invisibility             Hex            #.......     100%        6    ######.
 Throw Flame              Conj/Fire      ######       0%          2    None
 Throw Frost              Conj/Ice       #####.       1%          2    None
 Controlled Blink         Tloc           N/A          100%        8    #######
 Freezing Cloud           Conj/Ice/Air   ####......   95%         6    ######.
 Mephitic Cloud           Conj/Pois/Air  ###.....     5%          3    None
 Venom Bolt               Conj/Pois      ####......   13%         5    #####..
 Olgreb's Toxic Radiance  Pois           #.......     91%         4    ###....
 Death's Door             Chrm/Necr      ######....   52%         8    #######
 Summon Small Mammal      Summ           #...         22%         1    None
 Poisonous Cloud          Conj/Pois/Air  ###.......   43%         5    #####..
 Blink                    Tloc           N/A          32%         2    None
 Pain                     Necr           ####         1%          1    None
 Haunt                    Necr/Summ      ####......   99%         7    #######
 Borgnjor's Revivificati  Necr           #####.....   80%         8    #######
 Freeze                   Ice            ##..         22%         1    None
 Ozocubu's Refrigeration  Ice            ##........   100%        6    ######.
 Sticky Flame             Conj/Fire      ######..     1%          4    ###....
 Summon Ice Beast         Ice/Summ       ##......     91%         4    ###....
 Ozocubu's Armour         Chrm/Ice       #####...     1%          3    None
 Call Imp                 Summ           #.......     32%         2    None
 Repel Missiles           Chrm/Air       ####..       1%          2    None
 Dispel Undead            Necr           #####...     1%          5    #####..
 Sting                    Conj/Pois      ####         1%          1    None
 Sublimation of Blood     Necr           #####.....   1%          2    None
 Tukima's Dance           Hex            #.......     54%         3    None
 Corpse Rot               Necr           N/A          1%          2    None
 Iron Shot                Conj/Erth      ####......   58%         6    ######.
 Stone Arrow              Conj/Erth      ####..       1%          3    None
 Shock                    Conj/Air       ####         1%          1    None
 Swiftness                Chrm/Air       ####....     1%          2    None
 Agony                    Necr           #####...     1%          5    #####..
 Spider Form              Tmut/Pois      #.........   54%         3    None
 Blade Hands              Tmut           #.........   99%         5    #####..
 Statue Form              Tmut/Erth      #........    100%        6    ######.
 Ice Form                 Ice/Tmut       ##......     91%         4    ###....
 Dragon Form              Tmut           #.........   100%        7    #######
 Necromutation            Tmut/Necr      ####......   100%        8    #######
 Throw Icicle             Conj/Ice       #####...     4%          4    ###....
 Shadow Creatures         Summ           N/A          100%        6    ######.
 Confusing Touch          Hex            #.....       22%         1    None
 Flame Tongue             Conj/Fire      #####        0%          1    None
 Passwall                 Tmut/Erth      #.......     32%         2    None
 Ignite Poison            Fire/Tmut/Pois #####...     3%          3    None
 Sticks to Snakes         Tmut           #.......     32%         2    None
 Call Canine Familiar     Summ           #.......     54%         3    None
 Ensorcelled Hibernation  Hex/Ice        ##....       32%         2    None
 Metabolic Englaciation   Hex/Ice        ##........   99%         5    #####..
 Summon Butterflies       Summ           #.......     22%         1    None
 Silence                  Hex/Air        #.........   99%         5    #####..
 Dispersal                Tloc           #.........   100%        6    ######.
 Corona                   Hex            #......      22%         1    None
 Alistair's Intoxication  Tmut/Pois      #.......     99%         5    #####..
 Lee's Rapid Deconstruct  Erth           #.........   99%         5    #####..
 Sandblast                Erth           #.....       22%         1    None
 Simulacrum               Ice/Necr       #####.....   71%         6    ######.
 Conjure Ball Lightning   Conj/Air       ####......   58%         6    ######.
 Excruciating Wounds      Chrm/Necr      ######....   1%          5    #####..
 Portal Projectile        Hex/Tloc       #.....       54%         3    None
 Petrify                  Tmut/Erth      #.......     91%         4    ###....
 Passage of Golubria      Tloc           N/A          91%         4    ###....
 Malign Gateway           Summ/Tloc      #.........   100%        7    #######
 Leda's Liquefaction      Hex/Erth       #.........   91%         4    ###....
 Summon Hydra             Summ           #.........   100%        7    #######
 Darkness                 Hex            #.........   100%        6    ######.
 Shroud of Golubria       Chrm/Tloc      ####......   1%          2    None
 Inner Flame              Hex/Fire       ######..     1%          3    None
 Aura of Abjuration       Summ           #.........   99%         5    #####..
 Beastly Appendage        Tmut           #.....       22%         1    None
 Disjunction              Tloc           #.........   100%        8    #######
 Iskenderun's Battlesphe  Conj/Chrm      ######..     1%          5    #####..
 Fulminant Prism          Conj/Hex       ####......   4%          4    ###....
 Dazzling Spray           Conj/Hex       ####..       1%          3    None
 Force Lance              Conj/Tloc      ####....     4%          4    ###....
 Infusion                 Chrm           ####         0%          1    None
 Song of Slaying          Chrm           ######..     0%          2    None
 Spectral Weapon          Hex/Chrm       ####....     1%          3    None
 Searing Ray              Conj           ######       0%          2    None
 Virulence                Hex/Pois       #.......     91%         4    ###....
 Summon Forest            Summ/Tloc      #.........   99%         5    #####..
 Summon Lightning Spire   Summ/Air       #.......     91%         4    ###....
 Summon Guardian Golem    Hex/Summ       #.......     54%         3    None
 Dragon's Call            Summ           #.........   100%        9    #######
 Summon Mana Viper        Hex/Summ       #.......     99%         5    #####..
 Hydra Form               Tmut           #.........   100%        6    ######.
 Irradiate                Conj/Tmut      ####......   13%         5    #####..
 Singularity              Tloc           #.........   100%        9    #######
 Gell's Gravitas          Tloc           #.........   54%         3    None
 Yara's Violent Unravell  Hex/Tmut       #.........   99%         5    #####..
 Infestation              Necr           #####.....   80%         8    #######
 Lesser Beckoning         Tloc           #.........   54%         3    None
 Poisonous Vapours        Pois/Air       #.....       32%         2    None
 Ignition                 Fire           ######....   16%         8    #######
 Borgnjor's Vile Clutch   Necr/Erth      ####......   19%         5    #####..
 Phase Shift              Tloc           #.........   99%         5    #####..
 Time Stop                Hex            #.........   100%        9    #######


Dungeon Overview and Level Annotations

Branches:
Dungeon (15/15)            Temple (1/1) D:5            Lair (6/6) D:8
 Shoals (4/4) Lair:2       Spider (4/4) Lair:4        Slime (5/5) Lair:5
    Orc (2/2) D:12            Elf (3/3) Orc:2        Vaults (5/5) D:13
  Crypt (3/3) Vaults:3       Tomb (3/3) Crypt:3      Depths (5/5) D:15
   Hell (1/1)                 Dis (0/7) Hell            Geh (7/7) Hell
    Coc (7/7) Hell            Tar (0/7) Hell            Zot (5/5) Depths:5

Altars:
Cheibriados
Fedhas
Gozag
Jiyva
Kikubaaqudgha
Makhleb
Nemelex Xobeh
Okawaru
Trog
Uskayaw
Vehumet
Wu Jian
Xom
Yredelemnul
Zin
The Shining One
Beogh
Lugonu

Shops:
D:8 :}[!   Orc:2 }=?(   Elf:2 }   Elf:3 ?   Shoals:1 [   Shoals:2 :
Shoals:4 *   Vaults:1 *   Vaults:3 (

Portals:
Hell: Depths:1 Depths:2 Depths:3 Depths:4 Depths:5
Abyss: Depths:2 Depths:4 Depths:5
Pandemonium: Depths:2 Depths:3

Annotations:
Coc:7 Antaeus


Innate Abilities, Weirdness & Mutations

You are surrounded by a ring of flames.
You are magically regenerating.
You have claws for feet.
You are surrounded by a strong repulsion field. (EV +4, RMsl)
You regenerate a lot of health from kills.
You are completely covered in sharp spines.
Your magical and physical power is greatly enhanced at high health.
You have very sharp teeth.
Scrolls take you a little longer to read.
You are dopey. (Int -2)
Your flesh is heat resistant. (rF+)
You evolve.


Message History

A tormentor, a freezing wraith and a skeleton come into view.
You open Antaeus like a pillowcase!!! You claw Antaeus, but do no damage.
Antaeus is moderately wounded.
Antaeus is engulfed in blazing flames.
Antaeus gestures at you. The flash freeze hits you! You partially resist.
* * * LOW HITPOINT WARNING * * *
You are encased in ice.
You open Antaeus like a pillowcase!!!! You claw Antaeus, but do no damage.
Antaeus is moderately wounded.
Unknown command.
You cut Antaeus into ribbons!!! You claw Antaeus.
You bite Antaeus, but do no damage.
Antaeus is heavily wounded.
The tormentor is engulfed in blazing flames.
The freezing wraith is engulfed in blazing flames.
The freezing wraith hits you but does no damage. x2
Antaeus gestures at you. The bolt of lightning hits you!
You die...

≈§§≈.........##....≈≈≈
≈≈≈≈≈≈.#######....≈≈≈≈
≈≈≈≈§........≈≈..≈≈≈≈≈
≈≈≈≈.....≈≈≈≈≈≈≈≈≈≈≈≈≈
≈≈≈≈...≈..≈≈≈≈≈≈≈≈≈≈≈≈
≈....≈≈≈≈..≈≈≈≈≈≈≈≈≈≈
...≈≈≈≈≈≈≈....§§≈# ##
..≈≈≈≈≈≈§≈≈≈≈.§§##§}##
≈≈≈≈≈≈≈≈≈≈≈≈≈≈§§@C2.φ#
≈≈≈≈≈≈≈≈≈≈≈≈≈≈§W##§}##
≈≈≈≈≈≈≈≈≈≈≈≈≈Z§≈# ##
≈≈≈≈≈≈≈≈≈≈≈≈≈≈≈≈≈
≈≈≈≈≈≈≈≈≈≈≈≈≈≈≈≈≈
≈≈≈≈≈≈≈≈≈≈≈≈≈≈≈≈≈
≈≈≈≈≈≈≈≈≈≈≈≈≈≈≈
##############


You could see Antaeus, a freezing wraith, a tormentor and a stone giant
skeleton.

Vanquished Creatures
  Asmodeus (Geh:7)
  the Royal Jelly (Slime:5)
  4 pandemonium lords
  the Serpent of Hell (Geh:7)
  7 ancient liches
  8 orbs of fire
  Mara (Depths:3)
  Mennas (Depths:3)
  2 juggernauts
  Boris (Depths:3)
  41 shard shrikes
  30 greater mummies
  Frederick (Vaults:3)
  Bai Suzhen (Vaults:5)
  Xtahua (Vaults:3)
  Margery (Depths:3)
  3 caustic shrikes (Zig:13)
  Saint Roka (Vaults:5)
  9 Killer Klowns
  6 curse toes
  Geryon (Hell)
  Nikola (Spider:1)
  17 golden dragons
  the Enchantress (Depths:2)
  13 bone dragons
  An iron giant (Zig:5)
  75 Brimstone Fiends
  2 electric golems (Zot:5)
  Jorgrun (Spider:3)
  3 hellephants
  17 liches
  56 Ice Fiends
  14 tentacled monstrosities
  25 Orb Guardians (Zot:5)
  8 quicksilver dragons
  4 titans
  30 acid blobs
  Murray (Hell)
  3 tentacled starspawn (Abyss:5)
  2 deep elf blademasters (Elf:3)
  Gastronok (D:12)
  2 deep elf master archers (Elf:3)
  9 death cobs
  11 ancient champions
  13 sphinxes
  An eldritch tentacle (Coc:6)
  3 draconian monks
  14 storm dragons
  Polyphemus (Shoals:2)
  11 shadow dragons
  Kirke (Lair:4)
  Ilsuiw (Shoals:2)
  10 tengu reavers
  3 revenants
  23 azure jellies
  Donald (Vaults:3)
  13 fire giants
  10 deep elf sorcerers
  13 draconian scorchers
  4 draconian knights
  10 frost giants
  5 iron dragons
  11 ghost moths
  17 balrugs
  12 vault wardens
  5 emperor scorpions
  Louise (Elf:1)
  7 deep elf elementalists
  4 curse skulls
  10 draconian stormcallers
  13 draconian shifters
  4 spriggan defenders
  24 ironheart preservers
  A ghoul (Vaults:3)
  8 draconian annihilators
  23 reapers
  13 very ugly things
  29 stone giants
  2 war gargoyles (Vaults:5)
  15 elemental wellsprings
  22 vampire knights
  A caustic shrike skeleton (Depths:1)
  2 lorocyprocas (Hell)
  18 green draconians
  10 red draconians
  9 entropy weavers
  20 bennus
  9 deep elf demonologists
  9 deep elf annihilators
  Azrael (Elf:1)
  15 spark wasps
  8 yellow draconians
  5 dire elephants
  10 purple draconians
  6 white draconians
  15 ettins
  14 black draconians
  5 eidola
  17 blizzard demons
  21 mummy priests
  9 quicksilver dragon zombies
  A minotaur (Lab)
  6 deep elf death magi
  18 jiangshi
  12 merfolk impalers
  15 death oozes
  4 deep elf high priests
  8 merfolk javelineers
  15 yaktaur captains
  17 great orbs of eyes
  4 kraken zombies
  15 fire dragons
  20 ogre magi
  32 vault guards
  12 spriggan air magi
  3 hell beasts (Hell)
  7 rakshasas
  An ice dragon (shapeshifter) (Vaults:5)
  35 ice dragons
  16 hydras
  10 quicksilver dragon skeletons
  2 anacondas
  44 two-headed ogres
  6 catoblepae
  An alligator snapping turtle (shapeshifter) (Zig:12)
  4 merfolk avatars
  A satyr (Shoals:2)
  5 death knights
  18 centaur warriors
  18 death scarabs
  8 merfolk aquamancers
  3 alligator snapping turtles (Shoals:4)
  15 vampire magi
  55 hell hogs
  A shock serpent (Zig:4)
  13 deep troll shamans
  17 deep troll earth magi
  A queen ant (Lair:6)
  25 dancing weapons
  Urug (D:14)
  2 death yaks (Shoals:2)
  11 spriggan berserkers
  12 titan zombies
  6 storm dragon zombies
  19 sun demons
  6 tengu warriors
  75 hell knights
  5 soul eaters
  Nergalle (Lair:4)
  29 deep elf knights
  A fire crab (shapeshifter) (Vaults:2)
  121 skeletal warriors
  6 iron trolls
  4 wretched stars (Abyss:5)
  10 titan skeletons
  A fire crab (Shoals:3)
  An iron golem (Hell)
  A salamander mystic (Depths:4)
  6 golden dragon zombies
  6 storm dragon skeletons
  3 shadow wraiths
  7 glowing orange brains
  A torturous demonspawn (Depths:2)
  A deep troll (shapeshifter) (Vaults:2)
  3 unseen horrors
  A spatial maelstrom (Abyss:5)
  A spriggan druid (Zig:3)
  A swamp dragon (shapeshifter) (Vaults:5)
  5 wizards
  16 sea snakes
  A death drake (shapeshifter) (Zig:14)
  3 golden dragon skeletons
  An unseen horror (shapeshifter) (Vaults:5)
  19 anaconda zombies
  15 flayed ghosts
  2 ghost moth zombies
  16 deep elf archers
  A naga ritualist (Zig:4)
  49 deep trolls
  10 orc knights
  An orange crystal statue (Depths:2)
  A kraken simulacrum (Coc:6)
  An obsidian statue (Zot:5)
  4 harpies
  A harpy (shapeshifter) (Depths:4)
  15 anaconda skeletons
  2 sphinx zombies
  18 ironbrand convokers
  A mana viper (shapeshifter) (Zig:12)
  4 shadow dragon zombies
  22 orb spiders
  13 shadow dragon skeletons
  28 necromancers
  4 wolf spider zombies
  5 iron dragon zombies
  Pikel (D:5)
  A lindwurm (Zig:13)
  33 phantasmal warriors
  3 orc sorcerers
  43 wolf spiders
  5 shining eyes
  An orb spider (shapeshifter) (Vaults:3)
  72 deep elf magi
  6 oklob plants
  5 cyclopes
  A cyclops (shapeshifter) (Vaults:5)
  14 manticores
  54 ugly things
  A mana viper (Abyss:5)
  24 moths of wrath
  10 fire giant zombies
  12 fauns
  An elephant (shapeshifter) (Vaults:3)
  A manticore (shapeshifter) (Vaults:5)
  2 salamanders (Depths:4)
  13 frost giant zombies
  A black mamba (shapeshifter) (Depths:3)
  2 sphinx skeletons
  A shock serpent zombie (Geh:1)
  14 stone giant zombies
  13 stone giant skeletons
  2 guardian serpents (Zig:4)
  10 rust devils
  An iron dragon skeleton (Coc:3)
  15 merfolk sirens
  9 frost giant skeletons
  10 molten gargoyles
  14 vault sentinels
  11 black mambas
  An apocalypse crab (Zig:12)
  4 elephants (Lair:6)
  2 elf zombies
  4 torpor snails
  7 centaur skeletons
  2 orange demons
  10 fire giant skeletons
  6 smoke demons
  6 water nymphs
  9 dire elephant zombies
  Psyche (D:12)
  2 gargoyles (D:11)
  5 ice statues
  A titan simulacrum (Coc:3)
  A torpor snail (shapeshifter) (D:15)
  2 catoblepas zombies
  25 hellions
  2 storm dragon simulacra
  3 shock serpent skeletons
  A yaktaur zombie (Depths:1)
  5 dire elephant skeletons
  51 yaktaurs
  A purple draconian zombie (Geh:1)
  3 rime drakes
  4 emperor scorpion zombies
  26 spiny frogs
  8 komodo dragons
  48 freezing wraiths
  40 tormentors
  5 efreet
  24 hydra zombies
  19 demonic crawlers
  4 anaconda simulacra
  37 ice devils
  A komodo dragon (shapeshifter) (Vaults:3)
  46 guardian mummies
  An ancient zyme (Abyss:5)
  2 golden dragon simulacra
  44 red devils
  A queen ant zombie (Crypt:3)
  5 tengu conjurers
  2 hornets (shapeshifter)
  A jumping spider (shapeshifter) (Depths:1)
  4 harpy zombies
  A pale draconian skeleton (Crypt:2)
  A white draconian skeleton (Crypt:3)
  2 shadow dragon simulacra
  7 trolls
  3 meliai (D:15)
  34 merfolk
  51 jumping spiders
  A wind drake (shapeshifter) (Vaults:2)
  4 blink frogs (Lair:2)
  A wolf spider simulacrum (Coc:5)
  A merfolk (shapeshifter) (Zig:12)
  8 wind drakes
  27 hornets
  10 hydra skeletons
  A raiju (shapeshifter) (D:13)
  9 fire dragon zombies
  11 hippogriffs
  10 boulder beetles
  6 ettin zombies
  16 alligator zombies
  3 harpy skeletons
  2 human simulacra
  2 ice dragon zombies
  118 slime creatures
  A tarantella zombie (Crypt:1)
  2 bog bodies (Zig:3)
  2 fire giant simulacra
  13 ettin skeletons
  6 snapping turtles
  4 stone giant simulacra
  A frost giant simulacrum (Coc:6)
  9 dream sheep
  4 air elementals
  93 redbacks
  A neqoxec (Abyss:5)
  Sigmund (D:5)
  9 fire dragon skeletons
  5 wyverns
  2 black mamba zombies
  153 flying skulls
  2 ice dragon skeletons
  A spriggan (shapeshifter) (Vaults:2)
  A wyvern (shapeshifter) (Vaults:5)
  4 alligator skeletons
  9 spriggans
  43 tarantellas
  A dire elephant simulacrum (Tomb:2)
  A yak (shapeshifter) (Depths:3)
  19 yaks
  13 fire bats
  45 wraiths
  27 shadows
  4 small abominations (Abyss:5)
  Eustachio (D:7)
  44 water elementals
  3 hogs (Lair:4)
  11 golden eyes
  3 steam dragons
  A steam dragon (shapeshifter) (Vaults:5)
  4 black mamba skeletons
  3 basilisks
  3 chaos spawn
  4 hungry ghosts
  12 vampire mosquitoes
  12 ushabtiu
  55 fire elementals
  A yaktaur simulacrum (Vaults:3)
  Menkaure (D:7)
  A harpy simulacrum (Crypt:3)
  23 soldier ants (Lair:6)
  A swamp worm (shapeshifter) (Vaults:3)
  5 wargs
  A water nymph zombie (Crypt:2)
  A faun zombie (Crypt:3)
  3 spatial vortices (Abyss:5)
  3 acid dragons
  2 large abominations (Abyss:5)
  Edmund (D:5)
  22 water moccasins
  8 hydra simulacra
  A soldier ant (shapeshifter) (Vaults:3)
  A porcupine (shapeshifter) (Vaults:5)
  14 spiny frog zombies
  5 porcupines
  71 hell hounds
  An infernal demonspawn skeleton (Coc:6)
  An eye of draining (shapeshifter) (Depths:2)
  22 orc warriors
  A merfolk skeleton (Coc:1)
  9 phantoms
  4 swamp dragon zombies
  31 ice beasts
  A slave (D:5)
  11 snapping turtle zombies
  2 alligator simulacra (Coc:2)
  A lindwurm zombie (Crypt:3)
  11 eyes of draining
  4 black bears
  7 necrophages
  4 sky beasts
  11 starcursed masses (Abyss:5)
  A wolf (shapeshifter) (D:15)
  2 ice dragon simulacra
  A manticore zombie (Coc:7)
  64 ogres
  6 spiny frog skeletons
  3 human skeletons
  4 swamp dragon skeletons
  2 snapping turtle skeletons
  42 centaurs
  2 manticore skeletons
  14 crocodiles
  A big kobold (shapeshifter) (Elf:3)
  3 big kobolds
  2 gnoll sergeants
  3 earth elementals
  A wyvern zombie (D:14)
  19 bullfrogs
  A yaktaur skeleton (Crypt:1)
  3 elf skeletons
  A komodo dragon skeleton (Crypt:2)
  2 spiny frog simulacra
  A cyclops skeleton (Crypt:2)
  16 scorpions
  An elf simulacrum (Vaults:2)
  10 killer bees
  A troll zombie (Crypt:3)
  A snapping turtle simulacrum (Crypt:3)
  86 wights
  2 spriggan skeletons
  5 howler monkeys
  2 troll skeletons
  12 electric eels
  16 crimson imps
  A draconian simulacrum (IceCv)
  5 human zombies
  4 centaur zombies
  A quasit (D:10)
  A wyvern simulacrum (D:14)
  2 bullfrog zombies
  2 lava snakes (D:9)
  11 orc priests
  3 jellies
  5 bullfrog skeletons
  Crazy Yiuf (D:3)
  21 hounds
  6 iron imps (Geh:2)
  2 gnoll shamans
  Terence (D:3)
  3 iguanas
  24 worker ants
  13 orc wizards
  A lightning spire (Zig:12)
  2 troll simulacra (IceCv)
  8 sheep
  3 ogre zombies
  2 centaur simulacra (IceCv)
  2 ogre skeletons
  4 hound skeletons
  50 mummies
  A howler monkey skeleton (Crypt:3)
  12 adders
  14 gnolls
  2 naga simulacra (IceCv)
  6 scorpion zombies
  A steam dragon zombie (Crypt:1)
  3 ogre simulacra (IceCv)
  9 shadow imps
  25 white imps
  An ooze (D:2)
  A sheep zombie (Crypt:1)
  An adder skeleton (D:4)
  2 worms (D:2)
  A barachi zombie (Crypt:1)
  5 dart slugs
  5 leopard geckos
  56 orcs
  A ball python (D:7)
  5 bats
  2 giant cockroaches
  2 gnoll zombies (Ossuary)
  9 goblins
  16 hobgoblins
  10 jackals
  3 quokkas
  2 frilled lizards
  2 hobgoblin zombies
  28 kobolds
  A kobold simulacrum (Tomb:3)
  3 kobold zombies (Ossuary)
  A leopard gecko skeleton (D:9)
  A quokka skeleton (D:6)
  2 rats (D:2)
  A crawling corpse (Elf:3)
  2 fungi
  8 plants
  2 starspawn tentacles (Abyss:5)
  7 tentacles
4959 creatures vanquished.

Vanquished Creatures (collateral kills)
  An acid blob (Slime:5)
  A green draconian (Zig:10)
  An ugly thing (Depths:1)
  A fire giant zombie (Geh:5)
  A dire elephant skeleton (Coc:6)
  A hornet (Depths:2)
  A spriggan (Depths:2)
  A fire bat (Abyss:5)
  A spiny frog skeleton (Coc:7)
  2 wights
  A starspawn tentacle (Abyss:5)
12 creatures vanquished.

Vanquished Creatures (others)
  An eldritch tentacle (Zig:12)
  A draconian knight (Zot:1)
  A deep elf elementalist (Elf:3)
  An elemental wellspring (Coc:7)
  A very ugly thing (Zig:12)
  A yellow draconian (Depths:5)
  An ogre mage (Depths:1)
  A deep elf death mage (Vaults:5)
  A merfolk aquamancer (Shoals:1)
  2 two-headed ogres (Depths:1)
  17 death scarabs
  A hell hog (Hell)
  A deep troll (Depths:4)
  A deep elf mage (Elf:3)
  An orb spider (Spider:1)
  A wolf spider (Spider:1)
  An orc sorcerer (Vaults:5)
  A moth of wrath (Zot:5)
  2 yaktaurs
  A guardian mummy (Tomb:2)
  A hydra skeleton (Geh:3)
  2 flying skulls (Tomb:2)
  3 wraiths
  A redback (Spider:4)
  A black mamba skeleton (Tomb:2)
  A fire elemental (Geh:3)
  2 hell hounds (Geh:1)
  A black bear (shapeshifter) (Vaults:5)
  2 ogres (Depths:1)
  A wight (Geh:1)
  2 mummies
  A crawling corpse (Elf:3)
  A disaster prism (Coc:4)
  A fire vortex (Zig:14)
  11 fungi
  19 plants
  6 starspawn tentacles (Abyss:5)
  5 tentacles
99 creatures vanquished.

Grand Total: 5070 creatures vanquished

Notes
Turn   | Place    | Note
-------+----------+-------------------------------------------
     0 | D:1      | Hedningen the Demonspawn Archaeologist began the quest for the Orb.
     0 | D:1      | Reached XP level 1. HP: 18/18 MP: 1/1
    63 | D:1      | Gained mutation: You have sharp toenails. [demonic ancestry]
    63 | D:1      | Reached XP level 2. HP: 24/24 MP: 1/2
   284 | D:1      | Gained mutation: You are partially covered in sharp spines. [demonic ancestry]
   284 | D:1      | Reached XP level 3. HP: 25/30 MP: 2/3
   376 | D:1      | Reached skill level 1 in Long Blades
   833 | D:2      | Reached XP level 4. HP: 37/37 MP: 3/4
  1210 | D:3      | Noticed Terence
  1227 | D:3      | Killed Terence
  1340 | D:3      | Found a runed door.
  1568 | D:3      | Reached XP level 5. HP: 33/42 MP: 5/5
  1572 | D:3      | Reached skill level 5 in Long Blades
  1639 | D:3      | Found a shimmering altar of Xom.
  2006 | D:3      | Noticed Crazy Yiuf
  2013 | D:3      | Killed Crazy Yiuf
  2013 | D:3      | Reached XP level 6. HP: 29/48 MP: 6/6
  2443 | D:4      | Gained mutation: You have razor-sharp toenails. [demonic ancestry]
  2443 | D:4      | Reached XP level 7. HP: 54/54 MP: 6/7
  2522 | D:4      | Got a transparent robe
  2523 | D:4      | Identified the +4 robe of Pleasant Breezes {Str-3 Dex+4} (You found it on level 4 of the Dungeon)
  2711 | D:5      | Entered Level 5 of the Dungeon
  2711 | D:5      | Noticed Edmund
  2718 | D:5      | Killed Edmund
  2805 | D:5      | Found an ancient bone altar of Kikubaaqudgha.
  2823 | D:5      | Noticed Sigmund
  2826 | D:5      | Killed Sigmund
  2861 | D:5      | Gained mutation: You have claws for feet. [demonic ancestry]
  2861 | D:5      | Reached XP level 8. HP: 60/60 MP: 7/8
  2865 | D:5      | Noticed a hippogriff
  2873 | D:5      | Killed a hippogriff
  3001 | D:5      | Reached skill level 10 in Long Blades
  3004 | D:5      | Gained mutation: Your flesh is cold resistant. (rC+) [mutagenic meat]
  3006 | D:5      | Gained mutation: You have an increased reservoir of magic. (+10% MP) [mutagenic meat]
  3007 | D:5      | Gained mutation: Scrolls take you a little longer to read. [mutagenic meat]
  3008 | D:5      | Gained mutation: Scrolls take you longer to read. [mutagenic meat]
  3175 | D:5      | Noticed Pikel
  3187 | D:5      | Killed Pikel
  3370 | D:5      | Found a staircase to the Ecumenical Temple.
  3376 | Temple   | Entered the Ecumenical Temple
  3480 | Temple   | Became a worshipper of Warmaster Okawaru
  3533 | D:6      | Gained mutation: You are surrounded by a mild repulsion field. (EV +2) [demonic ancestry]
  3533 | D:6      | Reached XP level 9. HP: 65/65 MP: 8/9
  3537 | D:6      | Gained mutation: You are agile. (Dex +2) [mutagenic meat]
  3538 | D:6      | Gained mutation: Your spells are a little harder to cast, but a little more powerful. [mutagenic meat]
  3994 | D:6      | Reached * piety under Okawaru
  4305 | D:6      | Got an iridescent spear {freeze}
  4830 | D:7      | Reached ** piety under Okawaru
  4954 | D:7      | Noticed Eustachio
  4965 | D:7      | Gained mutation: You are mostly covered in sharp spines. [demonic ancestry]
  4965 | D:7      | Reached XP level 10. HP: 72/72 MP: 9/11
  4987 | D:7      | Killed Eustachio
  5532 | D:7      | Noticed Menkaure
  5535 | D:7      | Killed Menkaure
  5845 | D:8      | Found Kidaogo's Armour Boutique.
  5906 | D:8      | Found Zuedyago's Gadget Shoppe.
  5930 | D:8      | Found Jibausus's Book Shop.
  6016 | D:8      | Found a sand-covered staircase.
  6021 | Ossuary  | Entered an ossuary
  6046 | Ossuary  | Reached *** piety under Okawaru
  6343 | D:8      | Noticed a two-headed ogre
  6348 | D:8      | Killed a two-headed ogre
  6640 | D:8      | Found a staircase to the Lair.
  6995 | D:8      | Found Esabeyjiff's Distillery.
  7002 | D:8      | Bought a potion of might for 44 gold pieces
  7002 | D:8      | Bought a potion of mutation for 88 gold pieces
  7002 | D:8      | Bought a potion of mutation for 88 gold pieces
  7002 | D:8      | Bought a potion of restore abilities for 55 gold pieces
  7002 | D:8      | Bought a potion of degeneration for 11 gold pieces
  7002 | D:8      | Lost mutation: Scrolls take you longer to read. [potion of mutation]
  7002 | D:8      | Lost mutation: Your flesh is cold resistant. (rC+) [potion of mutation]
  7002 | D:8      | Lost mutation: Your spells are a little harder to cast, but a little more powerful. [potion of mutation]
  7002 | D:8      | Lost mutation: You are agile. (Dex +2) [potion of mutation]
  7002 | D:8      | Gained mutation: You are dopey. (Int -2) [potion of mutation]
  7002 | D:8      | Gained mutation: You have very sharp teeth. [potion of mutation]
  7003 | D:8      | Lost mutation: Scrolls take you a little longer to read. [potion of mutation]
  7003 | D:8      | Lost mutation: You have an increased reservoir of magic. (+10% MP) [potion of mutation]
  7003 | D:8      | Gained mutation: Your body sometimes deteriorates upon taking damage. [potion of mutation]
  7003 | D:8      | Gained mutation: Your flesh is heat resistant. (rF+) [potion of mutation]
  7003 | D:8      | Gained mutation: You are agile. (Dex +2) [potion of mutation]
  7004 | D:8      | Lost mutation: You are dopey. (Int -2) [potion of mutation]
  7004 | D:8      | Lost mutation: Your flesh is heat resistant. (rF+) [potion of mutation]
  7004 | D:8      | Lost mutation: You are agile. (Dex +2) [potion of mutation]
  7004 | D:8      | Lost mutation: Your body sometimes deteriorates upon taking damage. [potion of mutation]
  7004 | D:8      | Gained mutation: You are frail. (-10% HP) [potion of mutation]
  7004 | D:8      | Gained mutation: You evolve. [potion of mutation]
  7062 | D:8      | Found a burning altar of Makhleb.
  7242 | D:9      | Reached **** piety under Okawaru
  7277 | D:9      | Reached skill level 15 in Long Blades
  7280 | D:9      | Noticed a two-headed ogre
  7287 | D:9      | Gained mutation: You regenerate a little health from kills. [demonic ancestry]
  7287 | D:9      | Reached XP level 11. HP: 69/69 MP: 10/11
  7289 | D:9      | Killed a two-headed ogre
  7473 | D:9      | Found a bloodstained altar of Trog.
  7803 | D:10     | Entered Level 10 of the Dungeon
  8501 | D:10     | Found a sparkling altar of Nemelex Xobeh.
  8610 | D:11     | Reached ***** piety under Okawaru
  8623 | D:11     | Identified the cursed +0 ring mail "Qore" {*Corrode rF- Regen+ SInv} (You found it on level 11 of the Dungeon)
  8968 | D:11     | Noticed a purple ugly thing
  8979 | D:11     | Killed a purple ugly thing
  8979 | D:11     | Received a gift from Okawaru
  9322 | D:11     | Noticed a four-headed hydra
  9329 | D:11     | Killed a seven-headed hydra
  9725 | D:12     | Noticed a deep elf mage
  9745 | D:12     | Noticed Psyche
  9753 | D:12     | Killed a deep elf mage
  9762 | D:12     | Killed Psyche
  9987 | D:12     | Gained mutation: You are surrounded by a moderate repulsion field. (EV +3) [demonic ancestry]
  9987 | D:12     | Reached XP level 12. HP: 76/76 MP: 11/12
 10014 | D:12     | Reached skill level 5 in Fighting
 10020 | D:12     | Noticed Gastronok
 10033 | D:12     | Killed Gastronok
 10122 | D:12     | Found a staircase to the Orcish Mines.
 10128 | D:12     | Noticed a two-headed ogre
 10132 | D:12     | Killed a two-headed ogre
 10834 | D:12     | Gained mutation: Your flesh is heat resistant. (rF+) [evolution]
 11166 | D:13     | Reached skill level 5 in Armour
 11249 | D:13     | Received a gift from Okawaru
 11385 | D:13     | Noticed a vault guard
 11394 | D:13     | Killed a vault guard
 11500 | D:13     | Found a gate to the Vaults.
 11531 | D:13     | Noticed a tengu warrior
 11539 | D:13     | Killed a tengu warrior
 11549 | D:13     | Noticed a centaur warrior
 11549 | D:13     | Noticed a centaur warrior
 11558 | D:13     | Killed a centaur warrior
 11568 | D:13     | Killed a centaur warrior
 12041 | D:13     | Reached ****** piety under Okawaru
 12705 | D:14     | Found a labyrinth entrance.
 12711 | Lab      | Entered a labyrinth
 12802 | Lab      | Noticed a minotaur
 12809 | Lab      | Killed a minotaur
 12809 | Lab      | Received a gift from Okawaru
 12809 | Lab      | Gained mutation: Your magical and physical power is slightly enhanced at high health. [demonic ancestry]
 12809 | Lab      | Reached XP level 13. HP: 81/81 MP: 12/13
 12810 | Lab      | Got a shimmering chain mail {god gift}
 12812 | Lab      | Got a pitted amber ring
 12815 | Lab      | Identified the Guide on Displaced Summoning
 12815 | Lab      | Identified the Volume of Virous Ignition
 12815 | Lab      | Identified Arofasos's Papyrus of Supportive Poisoning
 12817 | Lab      | Got a pair of smoking gloves
 12873 | D:14     | Identified the +1 chain mail of Fun {+Blink rPois rCorr Int-4} (Okawaru gifted it to you in a labyrinth)
 12874 | D:14     | Identified the +1 pair of gloves "Gefostaizo" {Str+3 Dex+3} (You found it in a labyrinth)
 12885 | D:14     | Identified the ring of Wuoptei {rF+ Stlth-} (You took it off a minotaur in a labyrinth)
 13034 | D:14     | Noticed Urug
 13039 | D:14     | Killed Urug
 13039 | D:14     | Reached skill level 10 in Armour
 13480 | D:14     | Gained mutation: Your system is resistant to poisons. (rPois) [evolution]
 13840 | D:15     | Entered Level 15 of the Dungeon
 13945 | D:15     | Noticed an ettin
 13969 | D:15     | Killed an ettin
 14452 | Lair:1   | Entered Level 1 of the Lair of Beasts
 14536 | Lair:1   | Received a gift from Okawaru
 14957 | Lair:1   | Found the +8 whip "Snakebite" {curare, rPois}
 15943 | Lair:2   | Reached XP level 14. HP: 88/88 MP: 14/14
 15984 | Lair:2   | Found a staircase to the Shoals.
 16200 | Lair:3   | Gained mutation: You are resistant to hostile enchantments. (MR+) [evolution]
 16940 | Lair:4   | Found a frozen archway.
 16966 | IceCv    | Entered an ice cave
 17446 | IceCv    | Identified a scroll of acquirement
 17452 | IceCv    | Got a smoking dagger
 17672 | Lair:4   | Got a shimmering crystal plate armour
 17673 | Lair:4   | Identified the +1 crystal plate armour of the Fifty Coins {Int+7 Slay-3} (You acquired it on level 4 of the Lair of Beasts)
 17749 | Lair:4   | Noticed Nergalle
 17758 | Lair:4   | Killed Nergalle
 17774 | Lair:4   | Received a gift from Okawaru
 17877 | Lair:4   | Noticed Kirke
 17891 | Lair:4   | Killed Kirke
 17923 | Lair:4   | Found a hole to the Spider Nest.
 17980 | Lair:4   | Reached skill level 15 in Armour
 18532 | Lair:5   | Found a viscous altar of Jiyva.
 18533 | Lair:5   | Found a staircase to the Slime Pits.
 18920 | Lair:6   | Entered Level 6 of the Lair of Beasts
 19131 | Lair:6   | Noticed an entropy weaver
 19134 | Lair:6   | Received a gift from Okawaru
 19310 | Lair:6   | Noticed an entropy weaver
 19748 | Lair:6   | Killed an entropy weaver
 19755 | Lair:6   | Got a smoking double sword {elec}
 19756 | Lair:6   | Identified the +9 double sword "Ogre's Funeral" {elec, rF- Str+3 Dex+4} (You took it off an entropy weaver on level 6 of the Lair of Beasts)
 19872 | Lair:6   | Killed an entropy weaver
 20902 | Lair:6   | Gained mutation: You regenerate health from kills. [demonic ancestry]
 20902 | Lair:6   | Reached XP level 15. HP: 92/92 MP: 14/15
 21122 | Lair:6   | Got an ichor-stained chain mail
 21133 | Lair:6   | Identified the cursed +0 chain mail "Hefaymuh" {Slay+6} (You found it on level 6 of the Lair of Beasts)
 21586 | Orc:1    | Entered Level 1 of the Orcish Mines
 21743 | Orc:1    | Found a roughly hewn altar of Beogh.
 21899 | Orc:2    | Entered Level 2 of the Orcish Mines
 21967 | Orc:2    | Received a gift from Okawaru
 22019 | Orc:2    | Got a bone great sword {god gift}
 22207 | Orc:2    | Found Upti's Magic Scroll Shoppe.
 22207 | Orc:2    | Found Ohavvuij's Gadget Shop.
 22207 | Orc:2    | Found Nufrerao's Antique Weapon Boutique.
 22207 | Orc:2    | Found Bouler's Jewellery Shoppe.
 22213 | Orc:2    | Bought a scroll of identify for 32 gold pieces
 22213 | Orc:2    | Bought a scroll of identify for 32 gold pieces
 22213 | Orc:2    | Bought a scroll of brand weapon for 320 gold pieces
 22297 | Orc:2    | Identified the +8 great sword of Income {speed, *Rage rElec MP+9 Dex+7} (Okawaru gifted it to you on level 2 of the Orcish Mines)
 22298 | Orc:2    | Found a staircase to the Elven Halls.
 22382 | Orc:2    | Received a gift from Okawaru
 22832 | D:15     | Found a burning altar of Makhleb.
 23252 | D:15     | Gained mutation: You are agile. (Dex +2) [evolution]
 23257 | D:15     | Found a staircase to the Depths.
 23602 | Spider:1 | Entered Level 1 of the Spider Nest
 23736 | Spider:1 | Gained mutation: You regenerate a lot of health from kills. [demonic ancestry]
 23736 | Spider:1 | Reached XP level 16. HP: 98/98 MP: 15/16
 23745 | Spider:1 | Received a gift from Okawaru
 23764 | Spider:1 | Noticed Nikola
 23791 | Spider:1 | Killed Nikola
 24854 | Spider:2 | Received a gift from Okawaru
 25608 | Spider:3 | Noticed Jorgrun
 25617 | Spider:3 | Killed Jorgrun
 25649 | Spider:3 | Received a gift from Okawaru
 26131 | Spider:4 | Entered Level 4 of the Spider Nest
 26418 | Elf:1    | Entered Level 1 of the Elven Halls
 26503 | Elf:1    | Reached XP level 17. HP: 113/113 MP: 17/17
 26707 | Elf:1    | Reached skill level 10 in Fighting
 26879 | Elf:1    | Noticed Azrael
 26883 | Elf:1    | Killed Azrael
 26902 | Elf:1    | Noticed Louise
 26912 | Elf:1    | Killed Louise
 27333 | Elf:1    | Noticed a Tzitzimitl
 27531 | Elf:2    | Found Seownesch's Gadget Shop.
 27550 | Elf:2    | Received a gift from Okawaru
 27660 | Elf:2    | Found a runed gate.
 27660 | Elf:2    | Found a runed gate.
 27661 | Elf:2    | Found a runed gate.
 28229 | Elf:2    | Identified Amaete's Catalogue of Lethal Moulding
 28709 | Elf:3    | Entered Level 3 of the Elven Halls
 28774 | Elf:3    | Received a gift from Okawaru
 28786 | Elf:3    | Got a transparent helmet {god gift}
 28797 | Elf:3    | Identified the +0 helmet "Uclec" {rPois Int-4 Dex+2 Stlth+} (Okawaru gifted it to you on level 3 of the Elven Halls)
 28908 | Elf:3    | Noticed a deep elf blademaster
 28908 | Elf:3    | Noticed a deep elf blademaster
 28912 | Elf:3    | Noticed a deep elf master archer
 28912 | Elf:3    | Noticed a deep elf master archer
 28912 | Elf:3    | Noticed a Brimstone Fiend
 29427 | Elf:3    | Reached XP level 18. HP: 132/132 MP: 18/18
 29673 | Elf:3    | Found Lobu's Magic Scroll Shoppe.
 29685 | Elf:3    | Bought a scroll of identify for 32 gold pieces
 29685 | Elf:3    | Bought a scroll of identify for 32 gold pieces
 29685 | Elf:3    | Bought a scroll of enchant armour for 120 gold pieces
 29861 | Elf:3    | Reached skill level 15 in Fighting
 29935 | Elf:3    | Got a glittering pewter ring
 30097 | Elf:3    | Received a gift from Okawaru
 30112 | Elf:3    | Identified the Guide on the Damaging Traveller
 30245 | Elf:3    | Identified Zytzi's Disquisition on Lucky Damage Dealing
 30268 | Elf:3    | Identified the ring "Laqebb" {Fire rElec Str+3 Int+6 Dex-5} (You took it off a deep elf annihilator on level 3 of the Elven Halls)
 31291 | Spider:4 | Gained mutation: You expend magic power (3 MP) to strengthen your wands. [evolution]
 31325 | Spider:4 | Received a gift from Okawaru
 31348 | Spider:4 | Got a gossamer rune of Zot
 31572 | Shoals:1 | Entered Level 1 of the Shoals
 31611 | Shoals:1 | Found Ethush's Antique Armour Boutique.
 31622 | Shoals:1 | Gained mutation: Your magical and physical power is enhanced at high health. [demonic ancestry]
 31622 | Shoals:1 | Reached XP level 19. HP: 143/143 MP: 18/19
 32531 | Shoals:2 | Noticed Polyphemus
 32549 | Shoals:2 | Killed Polyphemus
 32578 | Shoals:2 | Found Serihesu's Book Boutique.
 32896 | Shoals:2 | Noticed Ilsuiw
 32914 | Shoals:2 | Killed Ilsuiw
 33646 | Shoals:4 | Entered Level 4 of the Shoals
 33654 | Shoals:4 | Got a fine amber ring
 33655 | Shoals:4 | Identified the ring of Kindness {+Fly rF- Str+4 Slay+5 SInv} (You found it on level 4 of the Shoals)
 33718 | Shoals:4 | Found Aenacumn's Alliterative Accessories.
 33786 | Shoals:4 | Received a gift from Okawaru
 33995 | Shoals:4 | HP: 4/183 [water nymph/the raging water (14)]
 34462 | Shoals:4 | Got a barnacled rune of Zot
 34657 | Shoals:4 | Received a gift from Okawaru
 34668 | Shoals:4 | Identified Ybue's Volume of Cold
 34729 | Shoals:4 | Found the +2 ratskin cloak {+Rats *RatsS rPois rC+ rN+ rCorr Str-1 Dex+3}
 35099 | Vaults:1 | Entered Level 1 of the Vaults
 35293 | Vaults:1 | Gained mutation: Your magical and physical power is greatly enhanced at high health. [demonic ancestry]
 35293 | Vaults:1 | Reached XP level 20. HP: 149/149 MP: 19/20
 35683 | Vaults:1 | Found Amiden's Assorted Antiques.
 35691 | Vaults:1 | Received a gift from Okawaru
 35710 | Vaults:1 | Bought a scroll of identify for 68 gold pieces
 35710 | Vaults:1 | Bought a scroll of identify for 68 gold pieces
 36579 | Vaults:2 | Found the +2 hat of the Bear Spirit {Spirit, +Rage rN+ MR++}
 36798 | Vaults:2 | Received a gift from Okawaru
 37171 | Vaults:2 | Reached XP level 21. HP: 155/155 MP: 21/21
 37303 | Vaults:2 | Received a gift from Okawaru
 37316 | Vaults:2 | Found the +7 longbow "Piercer" {penet, EV-2}
 37320 | Vaults:2 | Got a scorched crystal plate armour {god gift}
 37341 | Vaults:2 | Identified the +1 crystal plate armour of the Lost Moons {rElec rPois rN++ Stlth-} (Okawaru gifted it to you on level 2 of the Vaults)
 37373 | Vaults:2 | Found the +8 frozen axe "Frostbite" {freezing cloud, *Noise +Fly rC+}
 37485 | Vaults:3 | Noticed Donald
 37491 | Vaults:3 | Killed Donald
 37491 | Vaults:3 | Reached XP level 22. HP: 162/162 MP: 22/22
 37587 | Vaults:3 | Noticed Frederick
 37603 | Vaults:3 | Killed Frederick
 37806 | Vaults:3 | Noticed Xtahua
 37812 | Vaults:3 | Killed Xtahua
 37984 | Vaults:3 | Got a coiled amber ring
 37998 | Vaults:3 | Identified the ring "Qaxotum" {Ice MR+ Int+2 Dex+3} (You found it on level 3 of the Vaults)
 38374 | Vaults:3 | Received a gift from Okawaru
 38917 | Vaults:3 | Found Siylakuh's Weapon Boutique.
 38942 | Vaults:3 | Found a staircase to the Crypt.
 39459 | Vaults:4 | Received a gift from Okawaru
 39476 | Vaults:4 | Identified the +8 triple sword of the Skies Above {freeze, rElec Str+2 Int-2 Dex+3} (Okawaru gifted it to you on level 4 of the Vaults)
 39943 | Vaults:4 | Reached XP level 23. HP: 172/172 MP: 20/23
 40174 | Vaults:4 | Found a radiant altar of Vehumet.
 40406 | Vaults:5 | Entered Level 5 of the Vaults
 40409 | Vaults:5 | Received a gift from Okawaru
 40426 | Vaults:5 | Noticed Bai Suzhen
 40547 | Vaults:5 | Received a gift from Okawaru
 40623 | Vaults:5 | Got a steaming gossamer ring
 40624 | Vaults:5 | Identified the cursed ring of Cowardice {*Slow +Inv rElec Str+5 Int-3} (You took it off a vault warden on level 5 of the Vaults)
 40663 | Vaults:5 | Got a crude turquoise ring
 40664 | Vaults:5 | Identified the ring of Fedhas's Approval {MR+ MP+9 Int+3 Dex+2} (You took it off a deep elf high priest on level 5 of the Vaults)
 40685 | Vaults:5 | Got a silver rune of Zot
 40727 | Vaults:5 | Killed Bai Suzhen
 40814 | Vaults:5 | Received a gift from Okawaru
 40889 | Vaults:5 | Noticed Saint Roka
 40916 | Vaults:5 | Killed Saint Roka
 40945 | Vaults:5 | Got an ancient brass ring
 40946 | Vaults:5 | Identified the ring of Rumof {rPois Str+2 Dex+4 Stlth+} (You took it off a deep elf demonologist on level 5 of the Vaults)
 41029 | Vaults:5 | Reached XP level 24. HP: 189/189 MP: 23/23
 41158 | Vaults:5 | Received a gift from Okawaru
 41387 | Vaults:5 | Got a coiled emerald amulet
 41388 | Vaults:5 | Identified the amulet of Symmetry {Inacc MR++} (You found it on level 5 of the Vaults)
 41783 | Vaults:5 | Identified Godwys's Guide on the Rocks
 42183 | Slime:1  | Entered Level 1 of the Pits of Slime
 43772 | Slime:4  | Received a gift from Okawaru
 43951 | Slime:5  | Entered Level 5 of the Pits of Slime
 44044 | Slime:5  | Noticed the Royal Jelly
 44192 | Slime:5  | Killed the Royal Jelly
 44647 | Slime:5  | Received a gift from Okawaru
 44716 | Slime:5  | Got an ancient jade ring
 44728 | Slime:5  | Got a warped golden ring
 44731 | Slime:5  | Got a slimy rune of Zot
 44801 | Slime:5  | Identified the ring "Paruduor" {+Inv rPois} (You found it on level 5 of the Pits of Slime)
 44811 | Slime:5  | Gained mutation: You are covered in fur. (AC +1) [evolution]
 45198 | Lair:5   | Identified the cursed ring of Aschuoq {rC+ Str-3 Int+2} (You found it on level 5 of the Pits of Slime)
 45582 | Depths:1 | Entered Level 1 of the Depths
 45615 | Depths:1 | Gained mutation: You are surrounded by a strong repulsion field. (EV +4, RMsl) [demonic ancestry]
 45615 | Depths:1 | Reached XP level 25. HP: 202/202 MP: 22/23
 45817 | Depths:1 | Found a gateway to Hell.
 46099 | Depths:1 | Received a gift from Okawaru
 46100 | Depths:1 | Got an encrusted cloak {god gift}
 46111 | Depths:1 | Identified the +1 cloak of Ojet {rF- rN+ Dex+4} (Okawaru gifted it to you on level 1 of the Depths)
 46687 | Depths:2 | Found a one-way gate leading to the halls of Pandemonium.
 47392 | Depths:2 | Found a one-way gate to the infinite horrors of the Abyss.
 47533 | Depths:2 | Received a gift from Okawaru
 47535 | Depths:2 | Noticed the Enchantress
 47536 | Depths:2 | Noticed a juggernaut
 47556 | Depths:2 | Killed a juggernaut
 47560 | Depths:2 | Killed the Enchantress
 47600 | Depths:2 | Got faerie dragon scales
 47601 | Depths:2 | Identified the +2 faerie dragon scales {MR+ rCorr} (You took it off the Enchantress on level 2 of the Depths)
 47626 | Depths:2 | Found the +8 lance "Wyrmbane" {slay drac, rPois rF+ rC+ AC+3}
 47666 | Depths:2 | Got a brightly glowing lapis lazuli ring
 47667 | Depths:2 | Identified the ring of Salamaosor {MR+ Str+7 Slay-4 SInv} (You found it on level 2 of the Depths)
 47827 | Depths:3 | Found a gateway to a ziggurat.
 47900 | Depths:3 | Noticed Mennas
 47907 | Depths:3 | Killed Mennas
 47907 | Depths:3 | Gained mutation: You are completely covered in sharp spines. [demonic ancestry]
 47907 | Depths:3 | Reached XP level 26. HP: 214/214 MP: 23/23
 47944 | Depths:3 | Received a gift from Okawaru
 47971 | Depths:3 | Noticed Margery
 47973 | Depths:3 | Noticed Boris
 47977 | Depths:3 | Noticed Mara
 47982 | Depths:3 | Noticed Hedningen's illusion
 47984 | Depths:3 | Killed Margery
 47987 | Depths:3 | Killed Boris
 48000 | Depths:3 | Noticed Hedningen's illusion
 48000 | Depths:3 | Killed Mara
 48195 | Depths:3 | Received a gift from Okawaru
 48365 | Depths:3 | Noticed a juggernaut
 48378 | Depths:3 | Killed a juggernaut
 48488 | Depths:3 | Received a gift from Okawaru
 49060 | Depths:4 | Noticed a greater mummy
 49065 | Depths:4 | Killed a greater mummy
 49072 | Depths:4 | Noticed a greater mummy
 49081 | Depths:4 | Killed a greater mummy
 49081 | Depths:4 | Received a gift from Okawaru
 49081 | Depths:4 | Reached XP level 27. HP: 220/220 MP: 22/23
 49082 | Depths:4 | Got a jewelled double sword {god gift}
 49096 | Depths:4 | Noticed a greater mummy
 49097 | Depths:4 | Found the +7 sceptre of Torment {pain, torment}
 49109 | Depths:4 | Killed a greater mummy
 49371 | Depths:4 | Identified the +7 double sword "Worchuza" {freeze, rN++ Stlth-} (Okawaru gifted it to you on level 4 of the Depths)
 49380 | Depths:4 | Found a snail-covered altar of Cheibriados.
 49778 | Depths:5 | Entered Level 5 of the Depths
 49858 | Depths:5 | Received a gift from Okawaru
 50107 | Depths:5 | Found a gate to the Realm of Zot.
 50184 | Depths:5 | Received a gift from Okawaru
 50937 | Zig:1    | Entered Level 1 of a ziggurat
 50952 | Zig:2    | Entered Level 2 of a ziggurat
 50988 | Zig:3    | Entered Level 3 of a ziggurat
 51024 | Zig:4    | Entered Level 4 of a ziggurat
 51044 | Zig:5    | Entered Level 5 of a ziggurat
 51131 | Zig:6    | Entered Level 6 of a ziggurat
 51137 | Zig:6    | Noticed an ancient lich
 51139 | Zig:6    | Found the +11 morningstar "Eos" {elec, Halo rElec}
 51150 | Zig:6    | Killed an ancient lich
 51160 | Zig:6    | Identified the Disquisition on the Congealing Escort
 51169 | Zig:7    | Entered Level 7 of a ziggurat
 51218 | Zig:7    | Got a pitted iron ring
 51219 | Zig:7    | Identified the ring "Mecw" {rPois MR+ Int+2 SInv} (You found it on level 7 of a ziggurat)
 51227 | Zig:8    | Entered Level 8 of a ziggurat
 51274 | Zig:8    | Got a coiled bone ring
 51303 | Zig:9    | Entered Level 9 of a ziggurat
 51366 | Zig:9    | Identified Sif Muna's Handbook of Creative Snow
 51378 | Zig:9    | Got a brightly glowing helmet
 51384 | Zig:10   | Entered Level 10 of a ziggurat
 51407 | Zig:10   | Found the +9 scales of the Dragon King {rPois rF+ rC+ MR+}
 51451 | Zig:10   | Lost mutation: You are resistant to hostile enchantments. (MR+) [potion of cure mutation]
 51451 | Zig:10   | Lost mutation: You expend magic power (3 MP) to strengthen your wands. [potion of cure mutation]
 51451 | Zig:10   | Lost mutation: Your system is resistant to poisons. (rPois) [potion of cure mutation]
 51451 | Zig:10   | Lost mutation: You are frail. (-10% HP) [potion of cure mutation]
 51518 | Zig:10   | Identified the +0 helmet of Honour {rC+ Str+4 Slay+6} (You found it on level 9 of a ziggurat)
 51520 | Zig:10   | Identified the ring "Kygaumaq" {*Tele rF+ Dex+2} (You found it on level 8 of a ziggurat)
 51666 | Zig:11   | Entered Level 11 of a ziggurat
 51697 | Zig:11   | Received a gift from Okawaru
 51734 | Zig:11   | Identified the ring of Seoh {+Blink rN+ MR+} (You found it on level 11 of a ziggurat)
 51737 | Zig:11   | Identified the cursed +0 plate armour "Amoraymank" {*Contam rCorr Slay+5} (You found it on level 11 of a ziggurat)
 51739 | Zig:11   | Identified Xepsedap's Reference Book on Conjuration
 51748 | Zig:12   | Entered Level 12 of a ziggurat
 51763 | Zig:12   | Noticed Oxiedoat the pandemonium lord
 51763 | Zig:12   | Noticed Esipakil the pandemonium lord
 51776 | Zig:12   | Cast into level 5 of the Abyss (Oxiedoat)
 51789 | Abyss:5  | Got a brightly glowing platinum ring
 51798 | Zig:12   | Escaped the Abyss
 51813 | Zig:12   | Reached skill level 27 in Armour
 51818 | Zig:12   | Killed Oxiedoat the pandemonium lord
 51827 | Zig:12   | Killed Esipakil the pandemonium lord
 51880 | Zig:12   | Got a clouded bronze amulet
 51890 | Zig:12   | Got a translucent wooden ring
 51994 | Zig:12   | Identified the ring of Vycvuela {Fire Int+5} (You found it on level 12 of a ziggurat)
 51997 | Zig:12   | Identified the ring of Mycsiacs {+Blink MP+9 Str+3} (You acquired it on level 5 of the Abyss)
 52002 | Zig:12   | Identified the amulet of Lunesoan {RegenMP rPois rF+ Str+4} (You found it on level 12 of a ziggurat)
 52004 | Zig:13   | Entered Level 13 of a ziggurat
 52092 | Zig:13   | Got a shimmering ivory ring
 52094 | Zig:13   | Identified the ring of Fofum {Dex+3 SInv} (You found it on level 13 of a ziggurat)
 52108 | Zig:14   | Entered Level 14 of a ziggurat
 52123 | Zig:14   | Noticed Jaock the pandemonium lord
 52123 | Zig:14   | Noticed Omes the pandemonium lord
 52124 | Zig:14   | Noticed Etzo the pandemonium lord
 52124 | Zig:14   | Noticed Puush the pandemonium lord
 52124 | Zig:14   | Noticed Ceff the pandemonium lord
 52124 | Zig:14   | Noticed Weecwuq the pandemonium lord
 52124 | Zig:14   | Noticed Xyel the pandemonium lord
 52134 | Zig:14   | Killed Jaock the pandemonium lord
 52134 | Zig:14   | Received a gift from Okawaru
 52143 | Zig:14   | Killed Omes the pandemonium lord
 52869 | Crypt:1  | Entered Level 1 of the Crypt
 53737 | Crypt:2  | Gained mutation: Your mind is acute. (Int +2) [evolution]
 54152 | Crypt:3  | Entered Level 3 of the Crypt
 54301 | Crypt:3  | Received a gift from Okawaru
 54504 | Crypt:3  | Found a basalt altar of Yredelemnul.
 54629 | Crypt:3  | Received a gift from Okawaru
 54634 | Crypt:3  | Reached skill level 27 in Long Blades
 54643 | Crypt:3  | Reached skill level 1 in Invocations
 54829 | Crypt:3  | Reached skill level 5 in Invocations
 55069 | Crypt:3  | Found a staircase to the Tomb.
 55601 | Slime:5  | Identified the +2 pair of gloves of Ebiguzuci {rPois Int+3} (You found it on level 5 of the Pits of Slime)
 55811 | Shoals:1 | Bought translucent shadow dragon scales for 2040 gold pieces
 55811 | Shoals:1 | Identified the +6 shadow dragon scales "Pokixegi" {rPois rC+ Str+4 Stlth++++} (You bought it in a shop on level 1 of the Shoals)
 56237 | Tomb:1   | Entered Level 1 of the Tomb of the Ancients
 56401 | Tomb:1   | Noticed a greater mummy
 56411 | Tomb:1   | Killed a greater mummy
 56411 | Tomb:1   | Reached skill level 10 in Invocations
 56459 | Tomb:1   | Noticed a greater mummy
 56464 | Tomb:1   | Killed a greater mummy
 56477 | Tomb:1   | Noticed a greater mummy
 56492 | Tomb:1   | Killed a greater mummy
 56923 | Tomb:2   | Noticed a greater mummy
 56923 | Tomb:2   | Noticed an ancient lich
 56927 | Tomb:2   | Noticed a greater mummy
 56928 | Tomb:2   | Noticed a greater mummy
 56932 | Tomb:2   | Killed an ancient lich
 56938 | Tomb:1   | Killed a greater mummy
 57079 | Tomb:2   | Killed a greater mummy
 57089 | Tomb:2   | Killed a greater mummy
 57089 | Tomb:2   | Reached skill level 15 in Invocations
 57103 | Tomb:2   | Received a gift from Okawaru
 57631 | Tomb:1   | Noticed a greater mummy
 57635 | Tomb:1   | Noticed a greater mummy
 57638 | Tomb:1   | Killed a greater mummy
 57644 | Tomb:1   | Killed a greater mummy
 57665 | Tomb:1   | Noticed a greater mummy
 57668 | Tomb:1   | Noticed a greater mummy
 57671 | Tomb:1   | Noticed a greater mummy
 57677 | Tomb:1   | Killed a greater mummy
 57682 | Tomb:1   | Killed a greater mummy
 57682 | Tomb:1   | Reached skill level 5 in Evocations
 58216 | Tomb:1   | Noticed a greater mummy
 58226 | Tomb:1   | Killed a greater mummy
 58304 | Tomb:1   | Noticed a greater mummy
 58314 | Tomb:1   | Killed a greater mummy
 58314 | Tomb:1   | Received a gift from Okawaru
 58530 | Tomb:1   | Noticed a greater mummy
 58537 | Tomb:1   | Killed a greater mummy
 58566 | Tomb:1   | Noticed a greater mummy
 58577 | Tomb:1   | Killed a greater mummy
 58636 | Tomb:1   | Noticed a greater mummy
 58644 | Tomb:1   | Killed a greater mummy
 58671 | Tomb:1   | Killed a greater mummy
 58688 | Tomb:1   | Noticed a greater mummy
 58692 | Tomb:1   | Killed a greater mummy
 58701 | Tomb:1   | Noticed a greater mummy
 58706 | Tomb:1   | Killed a greater mummy
 58706 | Tomb:1   | Reached skill level 10 in Evocations
 58730 | Tomb:1   | Noticed a greater mummy
 58740 | Tomb:1   | Killed a greater mummy
 59179 | Tomb:1   | Lost mutation: You are agile. (Dex +2) [evolution]
 59327 | Tomb:3   | Entered Level 3 of the Tomb of the Ancients
 59409 | Tomb:3   | Noticed a greater mummy
 59421 | Tomb:3   | Noticed a greater mummy
 59538 | Tomb:3   | Noticed a greater mummy
 59543 | Tomb:3   | Received a gift from Okawaru
 59693 | Tomb:3   | Noticed an ancient lich
 59698 | Tomb:3   | Noticed a greater mummy
 59700 | Tomb:3   | Noticed a greater mummy
 59918 | Tomb:3   | Noticed a greater mummy
 59919 | Tomb:3   | Noticed a greater mummy
 60093 | Tomb:2   | Killed a greater mummy
 60321 | Tomb:3   | Killed a greater mummy
 60322 | Tomb:3   | Noticed a greater mummy
 60322 | Tomb:3   | Killed an ancient lich
 60725 | Tomb:3   | Killed a greater mummy
 60729 | Tomb:3   | Killed a greater mummy
 60740 | Tomb:2   | Killed a greater mummy
 60883 | Tomb:3   | Killed a greater mummy
 60883 | Tomb:3   | Reached skill level 15 in Evocations
 60891 | Tomb:2   | Killed a greater mummy
 60891 | Tomb:2   | Received a gift from Okawaru
 60892 | Tomb:2   | Got a pitted great sword {god gift}
 60893 | Tomb:2   | Identified the +4 great sword "Hifaetiahe" {venom, rC- MR+ Str+4 Dex+4} (Okawaru gifted it to you on level 2 of the Tomb of the Ancients)
 60936 | Tomb:3   | Killed a greater mummy
 61222 | Tomb:3   | Identified the Collected Works on Malediction
 61264 | Tomb:3   | Got a clouded glass ring
 61265 | Tomb:3   | Identified the ring "Udolytz" {Ice rPois} (You found it on level 3 of the Tomb of the Ancients)
 61267 | Tomb:3   | Identified the ring of Impatience {+Blink +Fly Str+3 Stlth+} (You found it on level 3 of the Tomb of the Ancients)
 61273 | Tomb:3   | Identified the ring of Fedhas's Hatred {rN+ Stlth-} (You found it on level 3 of the Tomb of the Ancients)
 61277 | Tomb:3   | Identified the amulet "Ficeda" {rPois Regen+} (You found it on level 3 of the Tomb of the Ancients)
 61395 | Tomb:3   | Got a golden rune of Zot
 62086 | Lair:1   | Learned a level 5 spell: Blade of Disaster
 62092 | Lair:1   | Learned a level 5 spell: Bolt of Draining
 62323 | Hell     | Entered the Vestibule of Hell
 62323 | Hell     | Noticed Geryon
 62325 | Hell     | Reached skill level 1 in Conjurations
 62337 | Hell     | Noticed Murray
 62347 | Hell     | Reached skill level 5 in Conjurations
 62357 | Hell     | Killed Murray
 62556 | Hell     | Killed Geryon
 62561 | Hell     | Reached skill level 10 in Conjurations
 62639 | Hell     | Received a gift from Okawaru
 62667 | Hell     | Got a pair of crude gloves {god gift}
 62678 | Hell     | Identified the +0 pair of gloves of Tizyorul {*Slow rF+++ Str+10 Int-4} (Okawaru gifted it to you in the Vestibule of Hell)
 62741 | Hell     | Found a gateway to the decaying netherworld of Tartarus.
 62770 | Hell     | Found a gateway to the ashen valley of Gehenna.
 62945 | Hell     | Found a gateway to the Iron City of Dis.
 63075 | Hell     | Found a gateway to the freezing wastes of Cocytus.
 63383 | Zot:1    | Entered Level 1 of the Realm of Zot
 63480 | Zot:1    | Reached skill level 1 in Charms
 63529 | Zot:1    | Found a hide-covered altar of Uskayaw.
 63607 | Zot:1    | Reached skill level 5 in Charms
 64563 | Zot:2    | Reached skill level 10 in Charms
 64694 | Zot:3    | Received a gift from Okawaru
 65392 | Zot:3    | Got a scorched amethyst amulet
 65393 | Zot:3    | Identified the amulet "Yhoelaw" {Spirit Dex+3} (You acquired it on level 3 of the Realm of Zot)
 65649 | Zot:4    | Reached skill level 1 in Spellcasting
 66052 | Zot:4    | Received a gift from Okawaru
 66056 | Zot:4    | Reached skill level 5 in Spellcasting
 66060 | Zot:4    | Got a slimy great sword {god gift}
 66147 | Zot:4    | Noticed an orb of fire
 66158 | Zot:4    | Killed an orb of fire
 66303 | Zot:4    | Received a gift from Okawaru
 66568 | Zot:5    | Entered Level 5 of the Realm of Zot
 66599 | Zot:5    | Reached skill level 10 in Spellcasting
 66825 | Zot:5    | Noticed an ancient lich
 66830 | Zot:5    | Killed an ancient lich
 66844 | Zot:5    | Noticed an orb of fire
 66847 | Zot:5    | Noticed an orb of fire
 66851 | Zot:5    | Noticed an orb of fire
 66852 | Zot:5    | Killed an orb of fire
 66856 | Zot:5    | Killed an orb of fire
 66860 | Zot:5    | Killed an orb of fire
 66868 | Zot:5    | Noticed an orb of fire
 66870 | Zot:5    | Noticed an ancient lich
 66879 | Zot:5    | Killed an orb of fire
 66884 | Zot:5    | Killed an ancient lich
 66884 | Zot:5    | Received a gift from Okawaru
 66952 | Zot:5    | Noticed an orb of fire
 66959 | Zot:5    | Killed an orb of fire
 66978 | Zot:5    | Reached skill level 15 in Spellcasting
 67018 | Zot:5    | Noticed an orb of fire
 67019 | Zot:5    | Noticed an ancient lich
 67026 | Zot:5    | Killed an orb of fire
 67027 | Zot:5    | Noticed an orb of fire
 67030 | Zot:5    | Noticed an ancient lich
 67034 | Zot:5    | Killed an ancient lich
 67057 | Zot:5    | Killed an ancient lich
 67070 | Zot:5    | Killed an orb of fire
 67070 | Zot:5    | Received a gift from Okawaru
 67072 | Zot:5    | Reached skill level 1 in Necromancy
 67196 | Zot:5    | Reached skill level 5 in Necromancy
 67510 | Depths:5 | Cast into level 5 of the Abyss (a distortion unwield)
 67558 | Abyss:5  | Found a one-way gate leading to the Realm of Zot.
 67594 | Abyss:5  | Got an abyssal rune of Zot
 67626 | Abyss:5  | Received a gift from Okawaru
 67648 | Abyss:5  | Found a one-way gate leading to the Realm of Zot.
 67665 | Zot:1    | Escaped the Abyss into Zot
 67861 | Geh:1    | Entered Level 1 of Gehenna
 67908 | Geh:1    | Identified the +6 great sword "Lyocyzim" {vamp, *Drain rN+ Str+3 Stlth+} (Okawaru gifted it to you on level 4 of the Realm of Zot)
 67924 | Geh:1    | Reached skill level 10 in Necromancy
 68228 | Geh:1    | Received a gift from Okawaru
 68463 | Geh:1    | Lost mutation: Your mind is acute. (Int +2) [evolution]
 68788 | Geh:1    | Gained mutation: You are dopey. (Int -2) [mutagenic glow]
 68901 | Geh:2    | Reached skill level 15 in Necromancy
 69036 | Geh:2    | Received a gift from Okawaru
 69070 | Geh:2    | Got a dazzling demon blade {god gift}
 69260 | Geh:2    | Found a corrupted altar of Lugonu.
 69940 | Geh:3    | Reached skill level 15 in Conjurations
 69960 | Geh:3    | Received a gift from Okawaru
 71001 | Geh:5    | Learned a level 7 spell: Ring of Flames
 71013 | Geh:5    | Reached skill level 1 in Fire Magic
 71140 | Geh:5    | Received a gift from Okawaru
 71141 | Geh:5    | Got a twisted robe {god gift}
 71243 | Geh:5    | Reached skill level 5 in Fire Magic
 71856 | Geh:5    | Reached skill level 10 in Fire Magic
 72236 | Geh:6    | Received a gift from Okawaru
 72498 | Geh:6    | Lost mutation: You are covered in fur. (AC +1) [evolution]
 72771 | Geh:7    | Entered Level 7 of Gehenna
 73376 | Geh:7    | Identified the Papyrus of the Boosting Snowflakes
 73409 | Geh:7    | Noticed the Serpent of Hell
 73416 | Geh:7    | Killed the Serpent of Hell
 73416 | Geh:7    | Received a gift from Okawaru
 73416 | Geh:7    | Reached skill level 15 in Fire Magic
 73502 | Geh:7    | Noticed Asmodeus
 73517 | Geh:7    | Killed Asmodeus
 73553 | Geh:7    | Got an obsidian rune of Zot
 74001 | Hell     | Identified the +3 demon blade "Cal Unle" {freeze, rPois rN+ Int+4} (Okawaru gifted it to you on level 2 of Gehenna)
 74566 | Coc:1    | Entered Level 1 of Cocytus
 75311 | Coc:2    | Received a gift from Okawaru
 76207 | Coc:2    | Received a gift from Okawaru
 76340 | Coc:2    | Gained mutation: Scrolls take you a little longer to read. [evolution]
 76532 | Coc:3    | Received a gift from Okawaru
 77149 | Coc:3    | Received a gift from Okawaru
 77666 | Coc:4    | Received a gift from Okawaru
 78108 | Coc:5    | Learned a level 3 spell: Regeneration
 79056 | Coc:6    | Received a gift from Okawaru
 79067 | Coc:6    | Reached skill level 15 in Charms
 79088 | Coc:6    | Got a shimmering triple sword {god gift}
 79091 | Coc:6    | Identified the +6 triple sword of Gallantry {flame, rElec Int+3 Dex+4} (Okawaru gifted it to you on level 6 of Cocytus)
 79663 | Coc:6    | Received a gift from Okawaru
 80713 | Coc:7    | Entered Level 7 of Cocytus
 80857 | Coc:7    | Received a gift from Okawaru
 81213 | Coc:7    | Received a gift from Okawaru
 81530 | Coc:7    | Noticed Antaeus
 81548 | Coc:7    | Killed from afar by Antaeus

Vault maps used:
D:1:      doesnt_arrival_eight_statues
D:3:      serial_forest, infiniplex_forest_lined_2, infiniplex_forest_lined_2,
          infiniplex_forest_clump_double, infiniplex_forest_clump_medium,
          infiniplex_forest_clump_small, infiniplex_forest_lined_3_way,
          infiniplex_forest_zigzag_2, infiniplex_forest_clump_medium,
          infiniplex_forest_join, first_ration, led_xom_imps, uniq_terence,
          uniq_crazy_yiuf_cottage
D:5:      nicolae_overflow_crystal_walls, minmay_temple_entry_enclosed_plants,
          uniq_sigmund, uniq_edmund, uniq_pikel
D:7:      grunt_ogre_cave, sword_in_stone, uniq_menkaure
D:8:      erik_lair_island, serial_shops, shop, shop,
          nicolae_shop_competitors_out_of_business, shop,
          lightli_ossuary_entry_decrepit_ruins, minmay_misc_feat_five,
          hangedman_abyss_or_decor_passed, makhleb_blood_cavern_becter
D:9:      kennysheep_cross_room, trog_hazing_becter
D:10:     basic_altar
D:11:     kennysheep_generic_room_7
D:12:     nicolae_whirlpool, orc_0_dummy, uniq_gastronok, uniq_psyche
D:13:     david_vaults_5
D:14:     lab_entry_generic, uniq_urug
D:15:     hangedman_depths_entry_civil_slaughter, basic_altar,
          skrybe_limestone_x, serial_park_tiny_pond,
          wad_floor_pattern_untrapped, dk_noncrumbling_3
Temple:   roderic_octagonal_lattice_temple
Lair:1:   minmay_guarded_unrand_snakebite, minmay_lair_oklob_items
Lair:2:   elwin_shoals_entry_rooms
Lair:3:   serial_bayou_pond_c, serial_bayou_shore_b
Lair:4:   spider_nest_entry_rubble, portal_ice_cave_demonic_guard,
          grunt_megastairs_2, uniq_kirke, uniq_nergalle
Lair:5:   slime_altar_1
Lair:6:   due_jungle_book, zaba_anthell, lemuel_fruit_tree,
          serial_bayou_shore_a, lemuel_fruit_fields
Shoals:1: serial_shops, nicolae_shop_overgrown_old_shop,
          nicolae_shoals_drake_roost
Shoals:2: serial_shops, nicolae_shop_stone, uniq_ilsuiw, uniq_polyphemus
Shoals:3: hangedman_shoal_volcano
Shoals:4: shoals_end_simple, nicolae_alphabet_shops
Spider:1: uniq_nikola
Spider:3: spider_trap, guppyfry_spider_mini_3, nicolae_spider_cling_halls,
          uniq_jorgrun, uniq_agnes
Spider:4: spider_rune_water, spiders_nest_hornet_nest
Orc:1:    basic_altar
Orc:2:    st_orc_ogre_mass
Elf:1:    eino_elf_arrival_sip, hangedman_elf_represent, st_stairs_9,
          uniq_azrael, uniq_louise
Elf:2:    serial_shops, shop
Elf:3:    elf_hall, serial_shops, shop
Vaults:1: ontoclasm_vaults_twist, vaults_dpeg_diagonal,
          ontoclasm_vaults_decontamination, nicolae_vaults_mini_display_case,
          ontoclasm_vaults_shuriken, nicolae_vaults_what_the_h,
          nicolae_vaults_theta, v_misc_31, vaults_standard_mumra_x,
          vaults_room_semicircle, serial_shops, nicolae_shop_window_shopping
Vaults:2: vaults_mumra_hex, ontoclasm_vaults_fault, v_misc_24, v_misc_2,
          nicolae_vaults_triangles, minmay_guarded_unrand_secular_launcher,
          vaults_room_pool, ontoclasm_vaults_ring_small,
          nicolae_vaults_big_angled_halls, v_pattern_2,
          ontoclasm_vaults_misaligned, v_misc_11, v_misc_18, v_misc_25,
          vaults_dpeg_ring, vaults_room_large_hall
Vaults:3: nicolae_vaults_hallways_thing, ontoclasm_vaults_misaligned,
          minmay_crypt_entry_simple_corners, vaults_room_mumra_shop_pool,
          hangedman_vaults_variations, v_misc_11, st_quartered_hall,
          nicolae_vaults_little_squares_2, hangedman_vaults_snaps,
          nicolae_vaults_yaktaur_gun_rack, vaults_room_stairs_pillars,
          ontoclasm_vaults_idyll, vaults_dpeg_encased_lava,
          nicolae_vaults_ring_of_whatevers, nicolae_vaults_network_periphery,
          uniq_donald, uniq_xtahua, uniq_frederick
Vaults:4: v_alt_pattern_2, v_misc_30, nicolae_vaults_network_s,
          hangedman_vaults_nodes, nicolae_vaults_gold_heap, vaults_dpeg_hooks,
          nicolae_vaults_little_squares_4, nicolae_vaults_theta, basic_altar
Vaults:5: serial_shops, uniq_saint_roka, uniq_bai_suzhen
Crypt:1:  nicolae_crypt_small_crypt, eino_tiny_chamber
Crypt:3:  church_of_pain_bobbens
Depths:1: hell_entry, minmay_misc_feat_tiny, lemuel_flamethrower_hall,
          grunt_megastairs_1
Depths:2: gammafunk_depths_water_palace, abyss_entry, hangedman_decor_lopped,
          rand_demon_pan_entry_7, pf_vacation_house_of_asmodeus,
          basic_stair_grate_trap
Depths:3: grunt_bent_corner, ziggurat_fallback, grunt_hell_horde, pan_entry,
          serial_bayou_shore_b, evilmike_butchery,
          minmay_staircase_statues_hall_large, uniq_mara, uniq_boris,
          uniq_mennas, uniq_margery
Depths:4: minmay_guarded_unrand_sceptre_of_torment, abyss_entry,
          cheibriados_altar_1, grunt_hell_entry_dis_old
Depths:5: grunt_crosshair, abyss_entry, hell_entry, kennysheep_random_hallway
Geh:2:    lemuel_hellish_altar
Geh:7:    geh_grunt
Coc:7:    coc_dpeg
Zot:1:    lemuel_draconian_sentries, basic_altar
Zot:3:    stair_cage_open, evilmike_ambush
Abyss:5:  nicolae_abyss_rune_left_handed, minivault_1, evilmike_abyss_exit_9,
          bh_abyss_xom_lugonu_altar, evilmike_abyss_exit_12,
          nicolae_abyss_rune_star_stuff, evilmike_abyss_exit_4
Zig:5:    ziggurat_pillar_centre_oklobs
Zig:6:    ziggurat_pillar_centre_c
Zig:8:    ziggurat_pillar_centre_dead_trees
Lab:      labyrinth_watery, nicolae_lab_x, lab_statue, nicolae_lab_big_swirl
Ossuary:  ossuary_minmay_scorpions
IceCv:    ice_cave_tombish

Skill      XL: |  1  2  3  4  5  6  7  8  9 10 11 12 13 14 15 16 17 18 19 20 21 22 23 24 25 26 27 |
---------------+----------------------------------------------------------------------------------+-----
Fighting       | 4 5 9 14 16 18 21 24 26 | 26.0
Long Blades    | 2 4 6 7 9 11 13 15 16 17 18 20 22 24 27 | 27.0
Armour         | 9 13 16 18 20 21 23 27 | 27.0
Invocations    | 16 | 16.0
Evocations     | 15 | 15.6
Conjurations   | 18 | 18.6
Charms         | 21 | 21.1
Spellcasting   | 17 | 17.0
Necromancy     | 17 | 17.0
Fire Magic     | 22 | 22.3
Dodging        | |  2.6
Stealth        | |  0.8

Action                   |  1- 3 |  4- 6 |  7- 9 | 10-12 | 13-15 | 16-18 | 19-21 | 22-24 | 25-27 || total
-------------------------+-------+-------+-------+-------+-------+-------+-------+-------+-------++-------
Melee: Dagger            |    75 |    64 |       |       |       |       |       |       |       ||   139
       Whip              |     6 |       |       |       |       |       |       |       |       ||     6
       Kick              |     9 |    19 |    40 |   130 |   353 |   364 |   358 |   595 |  2649 ||  4517
       Triple sword      |       |    13 |   128 |   388 |   680 |   764 |   729 |   859 |  4430 ||  7991
       Bite              |       |       |       |    32 |   133 |   135 |   124 |   184 |   934 ||  1542
 Fire: Arbalest          |       |       |       |     3 |       |       |       |       |       ||     3
Throw: Javelin           |       |       |       |     4 |       |     8 |     6 |       |       ||    18
 Cast: Ring of Flames    |       |       |       |       |       |       |       |       |     1 ||     1
       Regeneration      |       |       |       |       |       |       |       |       |     1 ||     1
       Blade of Disaster |       |       |       |       |       |       |       |       |     1 ||     1
Evoke: Wand              |       |       |       |     8 |     4 |     4 |     1 |     1 |    37 ||    55
  Use: Scroll            |     1 |     5 |    10 |    12 |    33 |    15 |     9 |    18 |    44 ||   147
       Potion            |       |     1 |       |     7 |     4 |    11 |     6 |     6 |    41 ||    76
 Stab: Sleeping          |     1 |     1 |       |       |       |       |       |       |       ||     2
       Held in net/web   |       |       |       |       |     1 |       |       |       |       ||     1
       Distracted        |       |       |       |       |     1 |     1 |       |     3 |     6 ||    11
       Invisible         |       |       |       |       |       |     7 |       |       |     1 ||     8
       Petrified         |       |       |       |       |       |       |       |       |     9 ||     9
       Petrifying        |       |       |       |       |       |       |       |       |     1 ||     1
  Eat: Ration            |       |     1 |       |     6 |     8 |     5 |     2 |     5 |    33 ||    60
       Chunk             |       |     1 |    15 |     8 |    10 |     8 |    15 |    12 |    19 ||    88
Armor: Robe              |    22 |     3 |       |       |       |       |       |       |       ||    25
       Scale mail        |       |    12 |    62 |    96 |       |       |       |       |       ||   170
       Crystal plate arm |       |       |       |   202 |   661 |   892 |   672 |   654 |  2197 ||  5278
       Gold dragon scale |       |       |       |       |       |       |       |       |  1050 ||  1050
Dodge: Dodged            |    58 |    25 |    73 |   176 |   368 |   429 |   316 |   495 |  2525 ||  4465
       Deflected         |       |       |       |       |       |       |       |       |   143 ||   143
       Rpst.: Triple sword |       |     7 |    47 |   125 |   279 |   314 |   185 |   224 |  1178 ||  2359

Table legend:
 A = Spawn XP
 B = Non-spawn XP
 C = Spawn XP percentage of total XP
 D = Spawn monster count
 E = Non-spawn monster count
 F = Spawn count percentage of total count
 G = Total turns spent on level
                    A         B        C        D         E        F      G
               +---------+---------+-------+---------+---------+-------+---------
         Total |   13281 | 4004115 |   0.3 |      21 |    4911 |   0.4 | 81548
               +---------+---------+-------+---------+---------+-------+---------
           D:1 |       0 |      60 |   0.0 |       0 |      27 |   0.0 |   564
           D:2 |       0 |      59 |   0.0 |       0 |      18 |   0.0 |   579
           D:3 |       0 |     285 |   0.0 |       0 |      15 |   0.0 |  1017
           D:4 |       0 |     498 |   0.0 |       0 |      13 |   0.0 |   551
           D:5 |       0 |    1839 |   0.0 |       0 |      24 |   0.0 |   679
           D:6 |       0 |    1703 |   0.0 |       0 |      35 |   0.0 |  1114
           D:7 |       0 |    2103 |   0.0 |       0 |      34 |   0.0 |  1220
           D:8 |       0 |    2184 |   0.0 |       0 |      16 |   0.0 |  1348
           D:9 |       0 |    2640 |   0.0 |       0 |      41 |   0.0 |  1039
          D:10 |       0 |    2203 |   0.0 |       0 |      37 |   0.0 |  1097
          D:11 |       0 |    4543 |   0.0 |       0 |      22 |   0.0 |  1320
          D:12 |       0 |    7016 |   0.0 |       0 |      27 |   0.0 |  1893
          D:13 |       0 |   10157 |   0.0 |       0 |      43 |   0.0 |  1875
          D:14 |       0 |    7221 |   0.0 |       0 |      23 |   0.0 |  1655
          D:15 |       0 |   30975 |   0.0 |       0 |      74 |   0.0 |   990
        Lair:1 |       0 |    9094 |   0.0 |       0 |      38 |   0.0 |  1216
        Lair:2 |       0 |    3344 |   0.0 |       0 |      15 |   0.0 |   989
        Lair:3 |       0 |    3990 |   0.0 |       0 |      16 |   0.0 |   871
        Lair:4 |       0 |    8756 |   0.0 |       0 |      31 |   0.0 |  1106
        Lair:5 |       0 |    3948 |   0.0 |       0 |       9 |   0.0 |  1196
        Lair:6 |       0 |   19857 |   0.0 |       0 |      75 |   0.0 |  1897
      Shoals:1 |       0 |   12479 |   0.0 |       0 |      31 |   0.0 |   774
      Shoals:2 |       0 |   25543 |   0.0 |       0 |      41 |   0.0 |   814
      Shoals:3 |       0 |   18163 |   0.0 |       0 |      38 |   0.0 |   636
      Shoals:4 |       0 |   39625 |   0.0 |       0 |      66 |   0.0 |  1169
      Spider:1 |       0 |   18386 |   0.0 |       0 |      41 |   0.0 |  1204
      Spider:2 |       0 |   20869 |   0.0 |       0 |      57 |   0.0 |   682
      Spider:3 |       0 |   22596 |   0.0 |       0 |      67 |   0.0 |   781
      Spider:4 |       0 |   44841 |   0.0 |       0 |     113 |   0.0 |   776
       Slime:1 |       0 |   18047 |   0.0 |       0 |      27 |   0.0 |   491
       Slime:2 |       0 |    7666 |   0.0 |       0 |      13 |   0.0 |   583
       Slime:3 |       0 |   10824 |   0.0 |       0 |       7 |   0.0 |   537
       Slime:4 |       0 |   10921 |   0.0 |       0 |      18 |   0.0 |   722
       Slime:5 |       0 |   60202 |   0.0 |       0 |      65 |   0.0 |   853
         Orc:1 |       0 |    1199 |   0.0 |       0 |      15 |   0.0 |   349
         Orc:2 |       0 |   16379 |   0.0 |       0 |      57 |   0.0 |   710
         Elf:1 |       0 |   26998 |   0.0 |       0 |      42 |   0.0 |  1141
         Elf:2 |       0 |   44370 |   0.0 |       0 |      63 |   0.0 |  1195
         Elf:3 |       0 |   47888 |   0.0 |       0 |      55 |   0.0 |  1622
      Vaults:1 |       0 |   39465 |   0.0 |       0 |      72 |   0.0 |  1192
      Vaults:2 |       0 |   78398 |   0.0 |       0 |      96 |   0.0 |  1369
      Vaults:3 |       0 |   89853 |   0.0 |       0 |     112 |   0.0 |  1813
      Vaults:4 |       0 |   53904 |   0.0 |       0 |      77 |   0.0 |  1376
      Vaults:5 |       0 |  174313 |   0.0 |       0 |     148 |   0.0 |  1478
       Crypt:1 |       0 |   14872 |   0.0 |       0 |      30 |   0.0 |   603
       Crypt:2 |       0 |   25876 |   0.0 |       0 |      38 |   0.0 |   758
       Crypt:3 |       0 |   92602 |   0.0 |       0 |     120 |   0.0 |  1135
        Tomb:1 |       0 |  152174 |   0.0 |       0 |      93 |   0.0 |  2537
        Tomb:2 |       0 |   90094 |   0.0 |       0 |     102 |   0.0 |  2319
        Tomb:3 |       0 |   76517 |   0.0 |       0 |      58 |   0.0 |   652
      Depths:1 |       0 |   43451 |   0.0 |       0 |      61 |   0.0 |  1217
      Depths:2 |       0 |  127177 |   0.0 |       0 |     125 |   0.0 |  1809
      Depths:3 |       0 |  169082 |   0.0 |       0 |     154 |   0.0 |  1759
      Depths:4 |       0 |   86050 |   0.0 |       0 |      95 |   0.0 |   875
      Depths:5 |       0 |   75852 |   0.0 |       0 |      60 |   0.0 |   828
          Hell |       0 |   59786 |   0.0 |       0 |      86 |   0.0 |   779
         Geh:1 |       0 |  103354 |   0.0 |       0 |     157 |   0.0 |  1027
         Geh:2 |       0 |   58455 |   0.0 |       0 |     103 |   0.0 |   574
         Geh:3 |       0 |   67109 |   0.0 |       0 |      88 |   0.0 |   798
         Geh:4 |       0 |   50588 |   0.0 |       0 |      72 |   0.0 |   628
         Geh:5 |       0 |  117235 |   0.0 |       0 |     129 |   0.0 |  1266
         Geh:6 |       0 |   48056 |   0.0 |       0 |      60 |   0.0 |   617
         Geh:7 |       0 |  128756 |   0.0 |       0 |     144 |   0.0 |  1228
         Coc:1 |       0 |   48499 |   0.0 |       0 |      71 |   0.0 |   619
         Coc:2 |       0 |  103113 |   0.0 |       0 |      95 |   0.0 |  1220
         Coc:3 |       0 |  100709 |   0.0 |       0 |     133 |   0.0 |  1096
         Coc:4 |       0 |   76100 |   0.0 |       0 |     124 |   0.0 |   602
         Coc:5 |       0 |   70016 |   0.0 |       0 |      72 |   0.0 |   895
         Coc:6 |       0 |  138332 |   0.0 |       0 |     122 |   0.0 |  1715
         Coc:7 |       0 |  149622 |   0.0 |       0 |     115 |   0.0 |   835
         Zot:1 |       0 |   57699 |   0.0 |       0 |      39 |   0.0 |   681
         Zot:2 |       0 |   48984 |   0.0 |       0 |      25 |   0.0 |   679
         Zot:3 |       0 |   51976 |   0.0 |       0 |      32 |   0.0 |   907
         Zot:4 |       0 |   87163 |   0.0 |       0 |      41 |   0.0 |  1041
         Zot:5 |       0 |  256358 |   0.0 |       0 |      87 |   0.0 |   802
       Abyss:5 |   13281 |   11545 |  53.5 |      21 |      20 |  51.2 |   177
         Zig:1 |       0 |    1294 |   0.0 |       0 |       2 |   0.0 |    15
         Zig:2 |       0 |    1888 |   0.0 |       0 |       2 |   0.0 |    36
         Zig:3 |       0 |    2484 |   0.0 |       0 |       6 |   0.0 |    36
         Zig:4 |       0 |    4256 |   0.0 |       0 |       7 |   0.0 |    20
         Zig:5 |       0 |   10631 |   0.0 |       0 |      11 |   0.0 |    87
         Zig:6 |       0 |   15955 |   0.0 |       0 |       6 |   0.0 |    38
         Zig:7 |       0 |    8804 |   0.0 |       0 |      12 |   0.0 |    58
         Zig:8 |       0 |    8201 |   0.0 |       0 |      15 |   0.0 |    76
         Zig:9 |       0 |    9163 |   0.0 |       0 |      18 |   0.0 |    81
        Zig:10 |       0 |   18028 |   0.0 |       0 |      12 |   0.0 |   282
        Zig:11 |       0 |   22480 |   0.0 |       0 |      16 |   0.0 |    82
        Zig:12 |       0 |   48900 |   0.0 |       0 |      16 |   0.0 |   234
        Zig:13 |       0 |   31391 |   0.0 |       0 |      28 |   0.0 |   104
        Zig:14 |       0 |   21083 |   0.0 |       0 |       3 |   0.0 |    39
           Lab |       0 |    1220 |   0.0 |       0 |       3 |   0.0 |   108
       Ossuary |       0 |     974 |   0.0 |       0 |      27 |   0.0 |   278
         IceCv |       0 |    4757 |   0.0 |       0 |      22 |   0.0 |   692
               +---------+---------+-------+---------+---------+-------+---------
